 Dungeon Crawl Stone Soup version 0.30-a0-160-gcfceee88d3 (webtiles) character file.

Game seed: 4980633304371696429

370233 qw the Peltast (level 22, -35/150 (152) HPs)
             Began as a Gargoyle Fighter on Sept 27, 2022.
             Was an Elder of Okawaru.
             Killed from afar by an ice dragon (76 damage)
             ... with a blast of cold
             ... on level 4 of the Depths.
             The game lasted 00:20:22 (41757 turns).

qw the Peltast (Gargoyle Fighter)                  Turns: 41757, Time: 00:20:22

HP:   -35/150 (152) AC: 62    Str: 45    XL:     22   Next: 65%
MP:   29/29         EV: 15    Int: 17    God:    Okawaru [****..]
Gold: 2757          SH: 29    Dex: 13    Spells: 21/21 levels left

rFire   + . .      SeeInvis +    l - +7 broad axe of the Sharing Sybil {flame, rCorr Str+4 Int+4}
rCold   x . .      Faith    .    w - +0 tower shield
rNeg    + + .      Spirit   .    A - +6 plate armour {Will+}
rPois   inf        Reflect  +    F - +2 helmet {SInv}
rElec   +          Harm     .    c - +0 cloak of Ximmourgh {Regen+ Dex+4}
rCorr   +          Rampage  +    P - +2 pair of gloves of Bedevilment {rC- Str+7 Int+6}
Will    ++...                    e - +2 pair of boots {rampage}
Stlth   ..........               k - amulet of reflection
HPRegen 1.15/turn                B - ring "Vamuorov" {rF+ Str+6 Int-3}
MPRegen 0.21/turn                O - ring of Ditubass {rPois rN+ AC+4}

@: heroic, flying, lightly drained
A: sickness immunity, AC +16, big wings, negative energy resistance 1,
electricity resistance, torment resistance 1, petrification resistance, dopey 1
}: 2/15 runes: barnacled, gossamer
a: Renounce Religion, Heroism, Finesse


You were on level 4 of the Depths.
You worshipped Okawaru.
Okawaru was greatly pleased with you.
You visited 8 branches of the dungeon, and saw 39 of its levels.
You visited 1 bazaar.
You also visited: Desolation.

You collected 5231 gold pieces.
You spent 2474 gold pieces at shops.


Innate Abilities, Weirdness & Mutations

You are immune to sickness and miasma.
Your stone body is resilient. (AC +16)
You are immune to poison.
Your large and strong wings let you fly.
You resist negative energy. (rN+)
You are resistant to electric shocks. (rElec)
You are resistant to unholy torment.
You are immune to petrification.
You are dopey. (Int -2)


   Skills:
 - Level 20.0(25.0) Fighting
 - Level 18.0(23.0) Axes
 - Level 11.0(16.0) Throwing
 - Level 19.0(24.0) Armour
 + Level 8.5(13.5) Dodging
 - Level 20.8(25.8) Shields
 - Level 10.1 Invocations


You had 21 spell levels left.
You didn't know any spells.
Your spell library was empty.

Inventory:

Hand Weapons
 l - the +7 broad axe of the Sharing Sybil (weapon) {flame, rCorr Str+4 Int+4}
   (Okawaru gifted it to you on level 14 of the Dungeon)

   It burns those it strikes, dealing additional fire damage.
   Big, fiery blades are also staple armaments of hydra-hunters.
   Str:       It affects your strength (+4).
   Int:       It affects your intelligence (+4).
   rCorr:     It protects you from acid and corrosion.
Missiles
 n - 50 boomerangs
 E - 5 silver boomerangs
 M - 7 silver javelins (quivered)
 N - 24 javelins
Armour
 b - the +0 pair of gloves of Koechul {rF- rN+ Slay+5}
   (Okawaru gifted it to you on level 4 of the Lair of Beasts)

   Slay:      It affects your accuracy & damage with ranged weapons and melee
   (+5).
   rF:        It makes you vulnerable to fire.
   rN:        It protects you from negative energy.
 c - the +0 cloak of Ximmourgh (worn) {Regen+ Dex+4}
   (You bought it in a shop on level 7 of the Dungeon)

   Dex:       It affects your dexterity (+4).
   Regen:     It increases your rate of health regeneration.
 e - a +2 pair of boots of rampaging (worn)
 j - the +4 helmet of the Jolly Tusks {+Inv rF- rC- rCorr}
   (Okawaru gifted it to you on level 2 of the Vaults)

   rF:        It makes you vulnerable to fire.
   rC:        It makes you vulnerable to cold.
   +Inv:      It lets you turn invisible.
   rCorr:     It protects you from acid and corrosion.
 q - a +2 pair of gloves
 w - a +0 tower shield (worn)
 z - +0 acid dragon scales
 A - a +6 plate armour of willpower (worn)
 F - a +2 helmet of see invisible (worn)
 I - a +3 plate armour of cold resistance
 L - a scarf of resistance
 P - the +2 pair of gloves of Bedevilment (worn) {rC- Str+7 Int+6}
   (Okawaru gifted it to you on level 1 of the Depths)

   Str:       It affects your strength (+7).
   Int:       It affects your intelligence (+6).
   rC:        It makes you vulnerable to cold.
 Q - +0 gold dragon scales
Jewellery
 g - a ring of resist corrosion
 k - an amulet of reflection (around neck)
 u - a ring of ice
 v - a ring of resist corrosion
 B - the ring "Vamuorov" (left hand) {rF+ Str+6 Int-3}
   (You found it in the Desolation of Salt)

   [ring of protection from fire]

   Str:       It affects your strength (+6).
   Int:       It affects your intelligence (-3).
   rF:        It protects you from fire.
 C - a ring of fire
 G - a ring of protection from cold
 J - a +4 ring of slaying {mikee}
 O - the ring of Ditubass (right hand) {rPois rN+ AC+4}
   (You took it off a rakshasa on level 1 of the Depths)

   [ring of protection]

   AC:        It affects your AC (+4).
   rPois:     It protects you from poison.
   rN:        It protects you from negative energy.
Wands
 D - a wand of digging (8)
Scrolls
 m - 17 scrolls of identify
 o - 3 scrolls of brand weapon
 y - 15 scrolls of teleportation
 H - 6 scrolls of enchant weapon
Potions
 a - 7 potions of lignification
 d - 14 potions of might
 f - 4 potions of haste
 h - 19 potions of curing
 i - 4 potions of heal wounds
 p - 4 potions of mutation
 r - 10 potions of attraction
 s - 3 potions of cancellation
 t - 5 potions of magic
 K - 4 potions of resistance

Dungeon Overview and Level Annotations

Branches:
Dungeon (15/15)            Temple (1/1) D:4            Lair (5/5) D:9
 Shoals (4/4) Lair:3       Spider (4/4) Lair:2        Slime (0/5) Lair:4
    Orc (2/2) D:9             Elf (0/3) Orc:2        Vaults (4/5) D:14
  Crypt (0/3) Vaults:2     Depths (4/4) D:15        Desolation (visited)
    Zot: Depths:4

Altars:
Ashenzari
Cheibriados
Dithmenos
Elyvilon
Fedhas
Gozag
Hepliaklqana
Kikubaaqudgha
Makhleb
Nemelex Xobeh
Okawaru
Qazlal
Ru
Sif Muna
Trog
Uskayaw
Vehumet
Wu Jian
Xom
Yredelemnul
Zin
The Shining One
Jiyva

Shops:
D:4 [   D:7 [   Orc:2 :*[(   Shoals:1 !   Depths:2 ?:

Portals:
Hell: Depths:1 Depths:2 Depths:3 Depths:4
Abyss: Depths:3
Pandemonium: Depths:1 Depths:2
Ziggurat: Depths:1

Annotations:
D:2 1 runed translucent door, Crazy Yiuf


Message History

The death drake dies!
The death drake's corpse disappears in a puff of smoke!
The blast of flame misses you.
The blast of flame hits you but does no damage.
The red draconian scorcher breathes fire at you.
The searing blast misses the fire dragon.
The searing blast misses you.
The searing blast hits you but does no damage.
The white draconian stormcaller barely misses you.
You hear an angry hiss.
You slice the white draconian stormcaller!!
You burn the white draconian stormcaller.
The white draconian stormcaller is severely wounded.
You slash the death drake! You burn the death drake.
You are engulfed in blazing flames.
You resist. You block the death drake's attack.
The white draconian stormcaller invokes the aid of Qazlal against you.
Qazlal smites you!
You slice the white draconian stormcaller!!
You burn the white draconian stormcaller!
You kill the white draconian stormcaller!
Okawaru accepts your kill.
The wind drake disappears in a puff of smoke!
The death drake disappears in a puff of smoke!
You are engulfed in blazing flames.
You resist.
Found a potion of haste.
You block the fire dragon's attack.
The fire dragon claws you but does no damage.
The fire dragon closely misses you.
There is an open door, spattered with blood here.
You barely miss the fire dragon. You slash the red draconian scorcher!
Your surroundings suddenly seem different.
A tengu reaver and an ice dragon come into view.
The tengu reaver is wielding a +0 battleaxe and wearing a +1 ring mail of willpower.
Found a spear and a book of the Earth.
Found a gateway to Hell.
The tengu reaver shouts!
The ice dragon roars deafeningly!
The ice dragon breathes frost at you. The blast of cold hits you!!!!
You feel a terrible chill!
Ouch! That really hurt!
You die...

#...+ ##
..##### #
#####..#
#
#......#
#......#
#......#
#......#
#......#
#Q@..).#
#..\...#
+......#
#D.....#
###+##:..
.... ...
..


You could see an ice dragon (catching breath) and a tengu reaver.

Vanquished Creatures
  Saint Roka (Vaults:3)
  3 golden dragons
  4 liches
  Zenata (Vaults:1)
  2 walking frostbound tomes
  A walking divine tome (Depths:1)
  A kraken (Shoals:2)
  A quicksilver dragon (Depths:3)
  A sphinx (shapeshifter) (Depths:2)
  4 sphinxes
  4 tengu reavers
  A storm dragon (Depths:3)
  4 shadow dragons
  Kirke (Lair:3)
  Roxanne (Shoals:2)
  3 emperor scorpions (Spider:4)
  5 fire giants
  6 frost giants
  3 imperial myrmidons (Desolation)
  7 ghost moths
  Louise (Spider:2)
  A draconian stormcaller (Depths:4)
  11 vault wardens
  A spriggan defender (Depths:3)
  13 stone giants
  5 orc warlords
  2 broodmothers
  A draconian annihilator (Depths:4)
  13 ironbound preservers
  A reaper (Depths:2)
  Aizul (Spider:1)
  5 war gargoyles
  A vampire knight (Depths:4)
  19 very ugly things
  9 ironbound thunderhulks
  A black draconian (Depths:4)
  Nessos (Lair:4)
  A deep elf demonologist (Vaults:3)
  11 spark wasps
  A white draconian (Depths:4)
  12 dire elephants
  A red draconian (Depths:4)
  3 crystal guardians (Desolation)
  8 merfolk impalers
  9 ettins
  2 fire dragons
  4 entropy weavers
  8 ragged hierophants (Desolation)
  Josephine (Spider:1)
  7 yaktaur captains
  9 merfolk javelineers
  Fannar (D:10)
  10 peacekeepers
  3 rakshasas
  8 great orbs of eyes
  9 servants of whispers
  6 hydras
  7 ice dragons
  13 vault guards
  A catoblepas (Lair:5)
  4 jorogumos
  An ogre mage (Vaults:3)
  3 merfolk avatars
  A merfolk aquamancer (Shoals:4)
  8 centaur warriors
  22 death yaks
  4 deep troll shamans
  5 boulder beetles
  An anaconda (shapeshifter) (Vaults:2)
  7 tengu warriors
  2 alligators (Shoals:2)
  4 spriggan air magi
  2 dancing weapons (D:14)
  5 two-headed ogres
  2 radroaches
  9 ironbound frosthearts
  Erica (D:8)
  An alligator snapping turtle (Shoals:2)
  5 deep troll earth magi
  3 spriggan berserkers
  3 orc high priests
  A soul eater (Depths:2)
  A vampire mage (Depths:3)
  2 spriggans (Depths:3)
  A titan zombie (Depths:1)
  Nergalle (D:10)
  A spark wasp zombie (Depths:1)
  A hell knight (Vaults:3)
  A sun moth (Spider:4)
  Sonja (D:10)
  2 pharaoh ants
  Lodul (D:10)
  4 iron trolls (Depths:1)
  5 orb spiders
  A goliath frog (Shoals:2)
  4 steelbarb worms
  Pikel (D:8)
  29 deep trolls
  2 glowing orange brains
  9 sea snakes
  11 orc knights
  An orange crystal statue (Vaults:3)
  16 ironbound convokers
  7 wizards
  A deep elf pyromancer (D:14)
  A necromancer (Depths:1)
  5 lindwurms
  17 harpies
  A phantasmal warrior (Vaults:3)
  An orc sorcerer (Orc:1)
  5 cyclopes
  3 fauns (Shoals:1)
  49 ugly things
  10 wolf spiders
  A salamander (D:15)
  10 elephants (Lair:5)
  16 manticores
  5 moths of wrath
  Maurice (Orc:1)
  9 merfolk sirens
  A rust devil (Depths:2)
  An orange demon (Depths:2)
  4 water nymphs
  A torpor snail (Spider:1)
  6 guardian serpents (Desolation)
  12 vault sentinels
  3 black mambas
  8 cane toads
  A rime drake (Lair:4)
  An unseen horror (D:11)
  8 komodo dragons
  An unseen horror (shapeshifter) (D:15)
  3 kobold demonologists
  8 demonic crawlers
  2 tengu conjurers (Depths:1)
  A red devil (Depths:1)
  28 yaktaurs
  9 trolls
  17 merfolk
  9 meliai
  31 tarantellas
  5 wind drakes
  A polar bear (Lair:4)
  A wolf spider simulacrum (D:14)
  63 saltlings
  33 slime creatures
  10 snapping turtles
  4 dream sheep (Shoals:3)
  2 hornets (Depths:3)
  16 blink frogs
  4 water elementals
  14 yaks
  22 jumping spiders
  A shadow (D:11)
  14 culicivoras
  A ynoxinul (Depths:2)
  8 wyverns
  8 wraiths
  2 basilisks
  52 redbacks
  2 steam dragons
  2 hogs (Lair:3)
  A human (Lair:3)
  14 vampire mosquitoes
  3 wargs
  Menkaure (D:4)
  3 acid dragons
  13 water moccasins
  A swamp drake (D:9)
  55 orc warriors
  3 ice beasts
  A meliai simulacrum (D:15)
  2 sky beasts
  3 black bears
  12 ogres
  33 wolves
  6 centaurs
  2 phantoms
  4 lemures (D:8)
  3 kobold brigands
  10 bullfrogs
  2 gnoll sergeants
  14 wights
  18 killer bees
  2 electric eels (Spider:3)
  A howler monkey (D:5)
  A hound (D:6)
  15 orc priests
  4 gnoll boudas
  12 jellies
  2 iguanas
  27 orc wizards
  Terence (D:2)
  Natasha (twice) (D:3)
  21 gnolls
  4 adders
  A white imp (D:6)
  4 ufetubi
  3 worms (D:2)
  119 orcs
  6 endoplasms
  2 giant cockroaches
  9 goblins
  2 hobgoblins (D:2)
  9 jackals
  5 quokkas
  5 ball pythons
  4 bats
  4 frilled lizards
  17 kobolds
  7 rats (D:1)
1519 creatures vanquished.

Vanquished Creatures (others)
  A pharaoh ant (Spider:4)
  A sun moth (Spider:2)
  A kobold brigand (D:9)
  26 fungi
  55 plants
84 creatures vanquished.

Grand Total: 1603 creatures vanquished

Notes
Turn   | Place    | Note
-------+----------+-------------------------------------------
     0 | D:1      | qw the Gargoyle Fighter began the quest for the Orb.
     0 | D:1      | Reached XP level 1. HP: 14/14 MP: 1/1
     0 | D:1      | 0 ||| qw: Version: 0.2-a-10-g37ed214
     0 | D:1      | 0 ||| qw: Game counter: 615
     0 | D:1      | 0 ||| qw: Always use a shield: true
     0 | D:1      | 0 ||| qw: God list: Okawaru
     0 | D:1      | 0 ||| qw: Allow faded altars: false
     0 | D:1      | 0 ||| qw: Do Orc after D:15 true
     0 | D:1      | 0 ||| qw: Do second Lair branch before Depths: true
     0 | D:1      | 0 ||| qw: Lair rune preference: random
     0 | D:1      | 0 ||| qw: Plans: Normal, Zot:1-4, God:TSO, Crypt, Tomb,
                  | Pan, Slime:5, Hells, Abyss, Orb
     0 | D:1      | 0 ||| PLANNING D:1-11
    84 | D:1      | 84 ||| Stepping ~*~*~tactically~*~*~ (stealth).
    85 | D:1      | 85 ||| Stepping ~*~*~tactically~*~*~ (stealth).
   180 | D:1      | Reached XP level 2. HP: 19/19 MP: 2/2
   279 | D:1      | Found a faded altar of an unknown god.
  1012 | D:1      | 1012 ||| UPGRADING to +3 ring mail.
  1022 | D:1      | 1022 ||| DROPPING +0 scale mail.
  1023 | D:1      | 1023 ||| UPGRADING to +4 ring of protection.
  1024 | D:1      | 1024 ||| READING scroll labelled FUAPRA HAMARPH.
  1025 | D:1      | 1025 ||| READING scroll labelled UCSAZO BUROTH.
  1026 | D:1      | 1026 ||| READING scroll labelled FAMYLL TYJAREX.
  1101 | D:2      | Reached skill level 3 in Axes
  1101 | D:2      | Reached XP level 3. HP: 23/23 MP: 3/3
  1221 | D:2      | Reached XP level 4. HP: 20/28 MP: 4/4
  1224 | D:2      | HP: 6/28 [gnoll/+0 spear (7)]
  1383 | D:2      | 1383 ||| Stepping ~*~*~tactically~*~*~ (stealth).
  1504 | D:2      | Noticed Terence
  1513 | D:2      | Killed Terence
  1655 | D:2      | 1655 ||| FLEEEEING.
  1908 | D:2      | Reached XP level 5. HP: 29/32 MP: 5/5
  1995 | D:2      | Found a runed translucent door.
  1996 | D:2      | Noticed Crazy Yiuf
  2506 | D:2      | 2506 ||| UPGRADING to +2 ring mail of fire resistance.
  2516 | D:2      | 2516 ||| READING scroll labelled DAONNOKHLIAD.
  2617 | D:2      | 2617 ||| DRINKING 2 murky yellow potions.
  2618 | D:2      | 2618 ||| DROPPING potion of degeneration.
  2652 | D:3      | 2652 ||| Stepping ~*~*~tactically~*~*~ (stealth).
  2723 | D:3      | Noticed an ice beast
  2735 | D:3      | HP: 2/32 [ice beast (12)]
  2737 | D:3      | Killed an ice beast
  2738 | D:3      | Reached XP level 6. HP: 3/39 MP: 6/6
  2962 | D:3      | 2962 ||| Stepping ~*~*~tactically~*~*~ (stealth).
  3497 | D:3      | Noticed Natasha
  3498 | D:3      | 3498 ||| Stepping ~*~*~tactically~*~*~ (hiding).
  3500 | D:3      | 3500 ||| Stepping ~*~*~tactically~*~*~ (hiding).
  3524 | D:3      | Killed Natasha
  3525 | D:3      | Reached skill level 1 in Dodging
  3910 | D:3      | Noticed Natasha
  3911 | D:3      | 3911 ||| Stepping ~*~*~tactically~*~*~ (stealth).
  3917 | D:3      | 3917 ||| Stepping ~*~*~tactically~*~*~ (stealth).
  3930 | D:3      | Killed Natasha
  4163 | D:3      | 4163 ||| UPGRADING to amulet of reflection.
  4168 | D:3      | 4168 ||| UPGRADING to +6 ring of strength.
  4169 | D:3      | 4169 ||| DROPPING ring of wizardry.
  4170 | D:3      | 4170 ||| READING scroll labelled RIENAH XOAFI.
  4171 | D:3      | 4171 ||| DRINKING 2 bubbling dark potions.
  4227 | D:4      | Found a radiant altar of Vehumet.
  4228 | D:4      | 4228 ||| Stepping ~*~*~tactically~*~*~ (hiding).
  4402 | D:4      | 4402 ||| Stepping ~*~*~tactically~*~*~ (stealth).
  4455 | D:4      | 4455 ||| DRINKING potion of curing.
  4455 | D:4      | 4455 ||| (to cure confusion)
  4728 | D:4      | Found a staircase to the Ecumenical Temple.
  4729 | D:4      | 4729 ||| PLANNING TEMPLE
  4729 | D:4      | 4729 ||| DRINKING 2 emerald potions.
  4730 | D:4      | 4730 ||| DROPPING potion of brilliance.
  4737 | Temple   | Entered the Ecumenical Temple
  4913 | Temple   | 4913 ||| PLANNING OKAWARU WORSHIP
  4989 | Temple   | Became a worshipper of Warmaster Okawaru
  4990 | Temple   | 4990 ||| PLANNING D:1-11
  5045 | D:4      | Found a blossoming altar of Fedhas.
  5126 | D:4      | Found Letilleg's Armour Shoppe.
  5136 | D:4      | 5136 ||| BUYING +0 chain mail (49 gold).
  5136 | D:4      | Bought a +0 chain mail for 49 gold pieces
  5136 | D:4      | 5136 ||| SHOPLISTING +0 plate armour of poison resistance
                  | (297 gold, have 120).
  5136 | D:4      | 5136 ||| SHOPLISTING +1 ring mail of Twilight {-Cast rPois
                  | rF++ Regen+} (337 gold, have 120).
  5136 | D:4      | 5136 ||| SHOPLISTING +3 plate armour of poison resistance
                  | (462 gold, have 120).
  5262 | D:4      | Reached skill level 6 in Axes
  5262 | D:4      | Reached XP level 7. HP: 44/44 MP: 7/7
  5265 | D:4      | 5265 ||| DROPPING +0 flail.
  5484 | D:4      | Noticed Menkaure
  5485 | D:4      | 5485 ||| Stepping ~*~*~tactically~*~*~ (hiding).
  5487 | D:4      | 5487 ||| Stepping ~*~*~tactically~*~*~ (hiding).
  5488 | D:4      | 5488 ||| Stepping ~*~*~tactically~*~*~ (hiding).
  5489 | D:4      | 5489 ||| Stepping ~*~*~tactically~*~*~ (hiding).
  5501 | D:4      | Killed Menkaure
  5515 | D:4      | 5515 ||| FLEEEEING.
  5516 | D:4      | 5516 ||| FLEEEEING.
  5606 | D:4      | Reached * piety under Okawaru
  5607 | D:4      | Reached XP level 8. HP: 38/49 MP: 8/8
  5838 | D:4      | 5838 ||| DROPPING +3 ring mail.
  5839 | D:4      | 5839 ||| UPGRADING to +0 chain mail.
  5899 | D:5      | Entered Level 5 of the Dungeon
  5921 | D:5      | 5921 ||| INVOKING Heroism.
  5924 | D:5      | Reached skill level 1 in Invocations
  6047 | D:5      | 6047 ||| Stepping ~*~*~tactically~*~*~ (stealth).
  6049 | D:5      | 6049 ||| Stepping ~*~*~tactically~*~*~ (hiding).
  6058 | D:5      | 6058 ||| INVOKING Heroism.
  6185 | D:5      | 6185 ||| DROPPING +0 mace of protection.
  6433 | D:5      | 6433 ||| INVOKING Heroism.
  6501 | D:5      | Reached skill level 3 in Invocations
  6621 | D:5      | 6621 ||| UPGRADING to +0 kite shield.
  6631 | D:5      | 6631 ||| DROPPING +0 buckler.
  6632 | D:5      | 6632 ||| READING scroll labelled DOELLYF JOGY.
  6690 | D:5      | 6690 ||| READING scroll labelled TASALO VEXEBE.
  6691 | D:5      | 6691 ||| DRINKING 2 golden potions.
  6792 | D:5      | 6792 ||| DROPPING potion of ambrosia.
  6876 | D:6      | 6876 ||| Stepping ~*~*~tactically~*~*~ (stealth).
  7098 | D:6      | 7098 ||| Stepping ~*~*~tactically~*~*~ (hiding).
  7100 | D:6      | 7100 ||| Stepping ~*~*~tactically~*~*~ (hiding).
  7113 | D:6      | 7113 ||| INVOKING Heroism.
  7117 | D:6      | 7117 ||| Stepping ~*~*~tactically~*~*~ (hiding).
  7120 | D:6      | 7120 ||| Stepping ~*~*~tactically~*~*~ (hiding).
  7127 | D:6      | 7127 ||| INVOKING Heroism.
  7224 | D:6      | Found a stormy altar of Qazlal.
  7666 | D:6      | 7666 ||| UPGRADING to +0 pair of gloves.
  7671 | D:6      | 7671 ||| DROPPING amulet of magic regeneration.
  7712 | D:7      | Reached XP level 9. HP: 54/54 MP: 12/12
  7744 | D:7      | 7744 ||| Stepping ~*~*~tactically~*~*~ (hiding).
  7749 | D:7      | 7749 ||| INVOKING Heroism.
  7755 | D:7      | Reached skill level 6 in Shields
  7861 | D:7      | Found Tiepullu's Antique Armour Boutique.
  7865 | D:7      | 7865 ||| INVOKING Heroism.
  7921 | D:7      | 7921 ||| BUYING bloodstained cloak (180 gold).
  7921 | D:7      | Bought a bloodstained cloak for 180 gold pieces
  7921 | D:7      | Identified the +0 cloak of Ximmourgh {Regen+ Dex+4} (You
                  | bought it in a shop on level 7 of the Dungeon)
  7921 | D:7      | 7921 ||| SHOPLISTING helmet (85 gold, have 75).
  7921 | D:7      | 7921 ||| SHOPLISTING plate armour (437 gold, have 75).
  7977 | D:7      | 7977 ||| Stepping ~*~*~tactically~*~*~ (stealth).
  7980 | D:7      | 7980 ||| Stepping ~*~*~tactically~*~*~ (hiding).
  7981 | D:7      | 7981 ||| Stepping ~*~*~tactically~*~*~ (hiding).
  7983 | D:7      | 7983 ||| INVOKING Heroism.
  8072 | D:7      | 8072 ||| INVOKING Heroism.
  8081 | D:7      | Reached skill level 6 in Fighting
  8137 | D:7      | 8137 ||| READING scroll of enchant armour.
  8137 | D:7      | 8137 ||| ENCHANTING +0 pair of gloves.
  8149 | D:7      | 8149 ||| INVOKING Heroism.
  8269 | D:7      | 8269 ||| INVOKING Heroism.
  8314 | D:7      | 8314 ||| INVOKING Heroism.
  8322 | D:7      | Reached ** piety under Okawaru
  8450 | D:7      | Found a white marble altar of Elyvilon.
  8460 | D:7      | Found a shadowy altar of Dithmenos.
  8695 | D:7      | 8695 ||| Stepping ~*~*~tactically~*~*~ (stealth).
  8729 | D:7      | 8729 ||| INVOKING Heroism.
  8862 | D:7      | 8862 ||| UPGRADING to +0 cloak of Ximmourgh {Regen+ Dex+4}.
  8867 | D:7      | 8867 ||| READING scroll labelled FUQY MEMNAFYS.
  8868 | D:7      | 8868 ||| READING scroll labelled HAFAIN YL VUAG.
  8869 | D:7      | 8869 ||| READING 3 scrolls of identify.
  8869 | D:7      | 8869 ||| IDENTIFYING bubbling pink potion
  8870 | D:7      | 8870 ||| READING 2 scrolls of identify.
  8870 | D:7      | 8870 ||| IDENTIFYING sapphire potion
  9002 | D:8      | Reached skill level 9 in Axes
  9017 | D:8      | 9017 ||| INVOKING Heroism.
  9033 | D:8      | Reached XP level 10. HP: 60/60 MP: 11/13
  9044 | D:8      | 9044 ||| DROPPING +2 vorpal flail.
  9061 | D:8      | Noticed Erica
  9063 | D:8      | 9063 ||| INVOKING Heroism.
  9074 | D:8      | Killed Erica
  9074 | D:8      | Reached *** piety under Okawaru
  9147 | D:8      | 9147 ||| INVOKING Heroism.
  9150 | D:8      | 9150 ||| Stepping ~*~*~tactically~*~*~ (stealth).
  9164 | D:8      | 9164 ||| Stepping ~*~*~tactically~*~*~ (stealth).
  9166 | D:8      | 9166 ||| Stepping ~*~*~tactically~*~*~ (stealth).
  9168 | D:8      | 9168 ||| Stepping ~*~*~tactically~*~*~ (stealth).
  9179 | D:8      | 9179 ||| READING scroll of enchant weapon.
  9179 | D:8      | 9179 ||| ENCHANTING +1 war axe.
  9273 | D:8      | 9273 ||| Stepping ~*~*~tactically~*~*~ (stealth).
  9275 | D:8      | 9275 ||| INVOKING Heroism.
  9276 | D:8      | Noticed Pikel
  9297 | D:8      | Killed Pikel
  9297 | D:8      | Reached **** piety under Okawaru
  9298 | D:8      | Reached skill level 9 in Shields
  9501 | D:8      | 9501 ||| DROPPING +2 ring mail of fire resistance.
  9502 | D:8      | 9502 ||| DROPPING +2 robe of resistance.
  9503 | D:8      | 9503 ||| UPGRADING to +0 plate armour.
  9513 | D:8      | 9513 ||| DROPPING +0 chain mail.
  9514 | D:8      | 9514 ||| UPGRADING to +0 tower shield.
  9524 | D:8      | 9524 ||| DROPPING +0 kite shield.
  9525 | D:8      | 9525 ||| READING 2 scrolls labelled FURGHI WUFREVE.
  9526 | D:8      | 9526 ||| READING scroll of brand weapon.
  9526 | D:8      | 9526 ||| BRANDING +2 war axe of venom.
  9527 | D:8      | 9527 ||| DROPPING +2 morningstar of holy wrath.
  9528 | D:8      | 9528 ||| READING 4 scrolls of identify.
  9528 | D:8      | 9528 ||| IDENTIFYING yellow potion
  9529 | D:8      | 9529 ||| READING 3 scrolls of identify.
  9529 | D:8      | 9529 ||| IDENTIFYING purple potion
  9530 | D:8      | 9530 ||| READING 2 scrolls of identify.
  9530 | D:8      | 9530 ||| IDENTIFYING fizzy silvery potion
  9531 | D:8      | 9531 ||| DROPPING potion of berserk rage.
  9532 | D:8      | 9532 ||| DROPPING potion of invisibility.
  9557 | D:9      | 9557 ||| INVOKING Heroism.
  9583 | D:9      | Found a staircase to the Lair.
  9584 | D:9      | 9584 ||| INVOKING Heroism.
  9634 | D:9      | 9634 ||| Stepping ~*~*~tactically~*~*~ (stealth).
  9635 | D:9      | 9635 ||| Stepping ~*~*~tactically~*~*~ (stealth).
  9723 | D:9      | 9723 ||| Stepping ~*~*~tactically~*~*~ (stealth).
  9724 | D:9      | Noticed a two-headed ogre
  9725 | D:9      | 9725 ||| INVOKING Heroism.
  9737 | D:9      | Killed a two-headed ogre
  9738 | D:9      | Reached skill level 6 in Invocations
  9738 | D:9      | Reached XP level 11. HP: 57/67 MP: 12/15
  9741 | D:9      | Received a gift from Okawaru
  9851 | D:9      | 9851 ||| Stepping ~*~*~tactically~*~*~ (stealth).
  9853 | D:9      | 9853 ||| Stepping ~*~*~tactically~*~*~ (hiding).
  9856 | D:9      | 9856 ||| INVOKING Heroism.
  9861 | D:9      | Reached skill level 1 in Throwing
  9876 | D:9      | 9876 ||| Stepping ~*~*~tactically~*~*~ (stealth).
  9894 | D:9      | 9894 ||| INVOKING Heroism.
  9898 | D:9      | Found a staircase to the Orcish Mines.
  9901 | D:9      | Noticed a soul eater
  9910 | D:9      | Noticed a sixfirhy
  9926 | D:9      | Reached ***** piety under Okawaru
  9933 | D:9      | 9933 ||| INVOKING Heroism.
 10097 | D:9      | Noticed a two-headed ogre
 10098 | D:9      | 10098 ||| INVOKING Heroism.
 10105 | D:9      | Killed a two-headed ogre
 10144 | D:9      | 10144 ||| READING scroll of enchant armour.
 10144 | D:9      | 10144 ||| ENCHANTING +1 pair of gloves.
 10299 | D:9      | 10299 ||| PLANNING LAIR
 10299 | D:9      | 10299 ||| UPGRADING to +2 chain mail of cold resistance.
 10309 | D:9      | 10309 ||| READING scroll labelled RYJIYC WOAFIT.
 10310 | D:9      | 10310 ||| READING 2 scrolls of identify.
 10310 | D:9      | 10310 ||| IDENTIFYING pink potion
 10340 | Lair:1   | Entered Level 1 of the Lair of Beasts
 10440 | Lair:1   | 10440 ||| Stepping ~*~*~tactically~*~*~ (stealth).
 10447 | Lair:1   | 10447 ||| INVOKING Heroism.
 10450 | Lair:1   | 10450 ||| Stepping ~*~*~tactically~*~*~ (stealth).
 10451 | Lair:1   | 10451 ||| Stepping ~*~*~tactically~*~*~ (stealth).
 10453 | Lair:1   | 10453 ||| Stepping ~*~*~tactically~*~*~ (stealth).
 10493 | Lair:1   | 10493 ||| Stepping ~*~*~tactically~*~*~ (stealth).
 10494 | Lair:1   | 10494 ||| INVOKING Heroism.
 10547 | Lair:1   | 10547 ||| INVOKING Heroism.
 10548 | Lair:1   | Received a gift from Okawaru
 10548 | Lair:1   | Noticed a wolf spider
 10560 | Lair:1   | Killed a wolf spider
 10562 | Lair:1   | Reached skill level 9 in Invocations
 10624 | Lair:1   | 10624 ||| INVOKING Heroism.
 10630 | Lair:1   | Reached skill level 3 in Throwing
 10657 | Lair:1   | 10657 ||| INVOKING Heroism.
 10658 | Lair:1   | Noticed a death yak
 10659 | Lair:1   | 10659 ||| INVOKING Finesse.
 10664 | Lair:1   | Reached skill level 12 in Shields
 10665 | Lair:1   | Noticed a death yak
 10666 | Lair:1   | 10666 ||| Stepping ~*~*~tactically~*~*~ (stealth).
 10667 | Lair:1   | 10667 ||| Stepping ~*~*~tactically~*~*~ (stealth).
 10669 | Lair:1   | 10669 ||| Stepping ~*~*~tactically~*~*~ (stealth).
 10675 | Lair:1   | Noticed a death yak
 10677 | Lair:1   | Killed a death yak
 10677 | Lair:1   | Noticed a death yak
 10678 | Lair:1   | Reached XP level 12. HP: 72/72 MP: 12/19
 10686 | Lair:1   | Killed a death yak
 10687 | Lair:1   | 10687 ||| INVOKING Finesse.
 10693 | Lair:1   | Killed a death yak
 10698 | Lair:1   | Killed a death yak
 10823 | Lair:1   | 10823 ||| INVOKING Heroism.
 11230 | Lair:1   | 11230 ||| UPGRADING to +2 pair of boots of rampaging.
 11235 | Lair:1   | 11235 ||| READING scroll labelled SIJYEH HYFEGORAFYR.
 11236 | Lair:1   | 11236 ||| READING scroll labelled JYAKUKL TUIHU.
 11237 | Lair:1   | 11237 ||| READING scroll labelled PIN CABEBLAOCWU.
 11284 | Lair:2   | 11284 ||| PLANNING GAUNTLET
 11319 | Lair:2   | 11319 ||| Stepping ~*~*~tactically~*~*~ (stealth).
 11320 | Lair:2   | 11320 ||| INVOKING Heroism.
 11340 | Lair:2   | 11340 ||| INVOKING Heroism.
 11368 | Lair:2   | 11368 ||| INVOKING Heroism.
 11455 | Lair:2   | 11455 ||| INVOKING Heroism.
 11469 | Lair:2   | Identified the +4 battleaxe of Sophism {drain, rN+}
                  | (Okawaru gifted it to you on level 2 of the Lair of Beasts)
 11469 | Lair:2   | Received a gift from Okawaru
 11550 | Lair:2   | Noticed a seven-headed hydra
 11554 | Lair:2   | 11554 ||| INVOKING Heroism.
 11562 | Lair:2   | Killed a two-headed hydra
 11581 | Lair:2   | Found a hole to the Spider Nest.
 11601 | Lair:2   | Reached skill level 6 in Armour
 11611 | Lair:2   | Noticed an eight-headed hydra
 11612 | Lair:2   | 11612 ||| INVOKING Heroism.
 11623 | Lair:2   | Killed a two-headed hydra
 11690 | Lair:2   | 11690 ||| Stepping ~*~*~tactically~*~*~ (stealth).
 11692 | Lair:2   | 11692 ||| Stepping ~*~*~tactically~*~*~ (stealth).
 11748 | Lair:2   | 11748 ||| RIP GAUNTLET
 11749 | Lair:2   | 11749 ||| PLANNING LAIR
 11757 | Lair:2   | Noticed a seven-headed hydra
 11758 | Lair:2   | 11758 ||| INVOKING Heroism.
 11765 | Lair:2   | Killed a four-headed hydra
 12318 | Lair:2   | 12318 ||| READING scroll labelled METOJI BUFF.
 12366 | Lair:3   | Noticed Kirke
 12367 | Lair:3   | 12367 ||| INVOKING Heroism.
 12368 | Lair:3   | 12368 ||| INVOKING Finesse.
 12387 | Lair:3   | HP: 3/74 [Kirke (17)]
 12388 | Lair:3   | 12388 ||| READING scroll of teleportation.
 12389 | Lair:3   | 12389 ||| DRINKING potion of heal wounds.
 12568 | Lair:3   | Found a staircase to the Shoals.
 12679 | Lair:3   | 12679 ||| INVOKING Heroism.
 12680 | Lair:3   | 12680 ||| Stepping ~*~*~tactically~*~*~ (stealth).
 12681 | Lair:3   | 12681 ||| Stepping ~*~*~tactically~*~*~ (stealth).
 12683 | Lair:3   | 12683 ||| Stepping ~*~*~tactically~*~*~ (stealth).
 12686 | Lair:3   | 12686 ||| INVOKING Finesse.
 12699 | Lair:3   | Killed Kirke
 12699 | Lair:3   | Received a gift from Okawaru
 12884 | Lair:3   | Noticed a four-headed hydra
 12885 | Lair:3   | 12885 ||| INVOKING Heroism.
 12891 | Lair:3   | Killed a one-headed hydra
 12942 | Lair:3   | 12942 ||| INVOKING Heroism.
 12949 | Lair:3   | Reached XP level 13. HP: 78/78 MP: 18/20
 12966 | Lair:3   | 12966 ||| Stepping ~*~*~tactically~*~*~ (stealth).
 13448 | Lair:4   | Reached skill level 9 in Fighting
 13468 | Lair:4   | 13468 ||| Stepping ~*~*~tactically~*~*~ (stealth).
 13472 | Lair:4   | 13472 ||| Stepping ~*~*~tactically~*~*~ (stealth).
 13475 | Lair:4   | 13475 ||| INVOKING Heroism.
 13478 | Lair:4   | Identified the +0 pair of gloves of Koechul {rF- rN+
                  | Slay+5} (Okawaru gifted it to you on level 4 of the Lair of
                  | Beasts)
 13478 | Lair:4   | Received a gift from Okawaru
 13488 | Lair:4   | 13488 ||| Stepping ~*~*~tactically~*~*~ (stealth).
 13545 | Lair:4   | 13545 ||| Stepping ~*~*~tactically~*~*~ (stealth).
 13574 | Lair:4   | 13574 ||| INVOKING Heroism.
 13593 | Lair:4   | 13593 ||| INVOKING Heroism.
 13649 | Lair:4   | 13649 ||| FLEEEEING.
 13720 | Lair:4   | 13720 ||| INVOKING Heroism.
 13733 | Lair:4   | Found a viscous altar of Jiyva.
 13734 | Lair:4   | Found a staircase to the Slime Pits.
 13837 | Lair:4   | 13837 ||| Stepping ~*~*~tactically~*~*~ (stealth).
 13843 | Lair:4   | 13843 ||| Stepping ~*~*~tactically~*~*~ (stealth).
 13845 | Lair:4   | 13845 ||| Stepping ~*~*~tactically~*~*~ (stealth).
 13847 | Lair:4   | 13847 ||| Stepping ~*~*~tactically~*~*~ (stealth).
 13848 | Lair:4   | 13848 ||| INVOKING Heroism.
 13849 | Lair:4   | 13849 ||| INVOKING Finesse.
 13855 | Lair:4   | Reached skill level 3 in Dodging
 13925 | Lair:4   | 13925 ||| INVOKING Heroism.
 13936 | Lair:4   | Reached skill level 12 in Axes
 13996 | Lair:4   | Noticed Nessos
 13997 | Lair:4   | 13997 ||| INVOKING Finesse.
 14004 | Lair:4   | Killed Nessos
 14106 | Lair:4   | 14106 ||| Stepping ~*~*~tactically~*~*~ (stealth).
 14107 | Lair:4   | 14107 ||| INVOKING Heroism.
 14108 | Lair:4   | 14108 ||| INVOKING Finesse.
 14208 | Lair:4   | 14208 ||| INVOKING Heroism.
 14363 | Lair:4   | 14363 ||| Stepping ~*~*~tactically~*~*~ (stealth).
 14508 | Lair:4   | 14508 ||| UPGRADING to +0 pair of gloves of Koechul {rF-
                  | rN+ Slay+5}.
 14518 | Lair:4   | 14518 ||| DRINKING 2 lumpy grey potions.
 14519 | Lair:4   | 14519 ||| READING 4 scrolls of identify.
 14519 | Lair:4   | 14519 ||| IDENTIFYING fuming silvery potion
 14520 | Lair:4   | 14520 ||| READING 3 scrolls of identify.
 14520 | Lair:4   | 14520 ||| IDENTIFYING amethyst potion
 14521 | Lair:4   | 14521 ||| DROPPING potion of flight.
 14538 | Lair:5   | Entered Level 5 of the Lair of Beasts
 14546 | Lair:5   | 14546 ||| READING scroll of enchant weapon.
 14546 | Lair:5   | 14546 ||| ENCHANTING +2 war axe of flaming.
 14550 | Lair:5   | 14550 ||| INVOKING Heroism.
 14602 | Lair:5   | 14602 ||| READING scroll of enchant weapon.
 14602 | Lair:5   | 14602 ||| ENCHANTING +3 war axe of flaming.
 14619 | Lair:5   | 14619 ||| Stepping ~*~*~tactically~*~*~ (stealth).
 14620 | Lair:5   | 14620 ||| INVOKING Heroism.
 14637 | Lair:5   | Identified the +4 ring mail of Kojaup {*Slow rElec rPois}
                  | (Okawaru gifted it to you on level 5 of the Lair of Beasts)
 14637 | Lair:5   | Received a gift from Okawaru
 14640 | Lair:5   | Gained mutation: Your large and strong wings let you fly.
                  | [Gargoyle growth]
 14640 | Lair:5   | Reached XP level 14. HP: 78/88 MP: 21/21
 14731 | Lair:5   | 14731 ||| INVOKING Heroism.
 14839 | Lair:5   | 14839 ||| INVOKING Heroism.
 14840 | Lair:5   | 14840 ||| INVOKING Finesse.
 15048 | Lair:5   | 15048 ||| Stepping ~*~*~tactically~*~*~ (stealth).
 15054 | Lair:5   | 15054 ||| INVOKING Heroism.
 15091 | Lair:5   | 15091 ||| Stepping ~*~*~tactically~*~*~ (stealth).
 15092 | Lair:5   | 15092 ||| Stepping ~*~*~tactically~*~*~ (stealth).
 15093 | Lair:5   | 15093 ||| Stepping ~*~*~tactically~*~*~ (stealth).
 15114 | Lair:5   | 15114 ||| Stepping ~*~*~tactically~*~*~ (stealth).
 15163 | Lair:5   | 15163 ||| Stepping ~*~*~tactically~*~*~ (stealth).
 15172 | Lair:5   | 15172 ||| INVOKING Heroism.
 15173 | Lair:5   | 15173 ||| INVOKING Finesse.
 15181 | Lair:5   | Reached skill level 15 in Shields
 15231 | Lair:5   | 15231 ||| INVOKING Heroism.
 15237 | Lair:5   | 15237 ||| INVOKING Finesse.
 15331 | Lair:5   | Identified the +11 hand axe "Gargoyle's Peril" {vamp, Fly
                  | rPois}
 15333 | Lair:5   | 15333 ||| SWAPPING to +11 hand axe "Gargoyle's Peril"
                  | {vamp, Fly rPois}.
 15700 | Lair:5   | 15700 ||| PLANNING D:1-11
 15700 | Lair:5   | 15700 ||| DROPPING ring of flight.
 15701 | Lair:5   | 15701 ||| UPGRADING to +4 ring of slaying {mikee}.
 15703 | Lair:5   | 15703 ||| DROPPING +6 ring of strength.
 15824 | D:10     | Entered Level 10 of the Dungeon
 15877 | D:10     | Noticed Lodul
 15878 | D:10     | 15878 ||| Stepping ~*~*~tactically~*~*~ (stealth).
 15899 | D:10     | 15899 ||| Stepping ~*~*~tactically~*~*~ (stealth).
 15903 | D:10     | Noticed Nergalle
 15910 | D:10     | Killed Nergalle
 15955 | D:10     | 15955 ||| Stepping ~*~*~tactically~*~*~ (hiding).
 15961 | D:10     | 15961 ||| INVOKING Heroism.
 15993 | D:10     | Found a basalt altar of Yredelemnul.
 16003 | D:10     | Found a hide-covered altar of Uskayaw.
 16006 | D:10     | Found a hazy altar of Hepliaklqana.
 16009 | D:10     | Found a broken altar of Ashenzari.
 16086 | D:10     | Noticed Fannar
 16087 | D:10     | 16087 ||| Stepping ~*~*~tactically~*~*~ (hiding).
 16091 | D:10     | Noticed Sonja
 16092 | D:10     | 16092 ||| INVOKING Finesse.
 16099 | D:10     | 16099 ||| INVOKING Heroism.
 16104 | D:10     | Killed Fannar
 16106 | D:10     | Killed Sonja
 16111 | D:10     | Killed Lodul
 16295 | D:10     | 16295 ||| Stepping ~*~*~tactically~*~*~ (stealth).
 16301 | D:10     | 16301 ||| INVOKING Heroism.
 16306 | D:10     | 16306 ||| Stepping ~*~*~tactically~*~*~ (stealth).
 16964 | D:11     | 16964 ||| Stepping randomly (disturbance).
 16965 | D:11     | 16965 ||| Stepping randomly (disturbance).
 17212 | D:11     | 17212 ||| PLANNING D
 17252 | D:12     | 17252 ||| Stepping ~*~*~tactically~*~*~ (stealth).
 17253 | D:12     | 17253 ||| INVOKING Heroism.
 17279 | D:12     | Reached skill level 9 in Armour
 17366 | D:12     | 17366 ||| Stepping ~*~*~tactically~*~*~ (stealth).
 17367 | D:12     | 17367 ||| Stepping ~*~*~tactically~*~*~ (stealth).
 17369 | D:12     | 17369 ||| Stepping ~*~*~tactically~*~*~ (stealth).
 17370 | D:12     | 17370 ||| Stepping ~*~*~tactically~*~*~ (stealth).
 17371 | D:12     | 17371 ||| Stepping ~*~*~tactically~*~*~ (stealth).
 17373 | D:12     | 17373 ||| Stepping ~*~*~tactically~*~*~ (stealth).
 17374 | D:12     | 17374 ||| Stepping ~*~*~tactically~*~*~ (stealth).
 17792 | D:12     | 17792 ||| DROPPING +0 plate armour.
 17793 | D:12     | 17793 ||| UPGRADING to +2 plate armour of willpower.
 17803 | D:12     | 17803 ||| READING 2 scrolls of enchant armour.
 17803 | D:12     | 17803 ||| ENCHANTING +2 plate armour of willpower.
 17804 | D:12     | 17804 ||| READING scroll of enchant armour.
 17804 | D:12     | 17804 ||| ENCHANTING +3 plate armour of willpower.
 17855 | D:13     | Identified the +1 leather armour of Happiness {rC- Int+3
                  | Slay+2}
 17866 | D:13     | 17866 ||| INVOKING Heroism.
 17922 | D:13     | 17922 ||| INVOKING Heroism.
 17923 | D:13     | Found a glowing golden altar of the Shining One.
 17935 | D:13     | 17935 ||| Stepping ~*~*~tactically~*~*~ (stealth).
 18037 | D:13     | 18037 ||| Stepping ~*~*~tactically~*~*~ (stealth).
 18215 | D:13     | 18215 ||| Stepping ~*~*~tactically~*~*~ (stealth).
 18326 | D:13     | 18326 ||| READING 3 scrolls labelled GUUCLE MO WIS.
 18327 | D:13     | 18327 ||| DROPPING 2 scrolls of fog.
 18390 | D:14     | 18390 ||| INVOKING Heroism.
 18391 | D:14     | 18391 ||| INVOKING Finesse.
 18447 | D:14     | 18447 ||| INVOKING Heroism.
 18456 | D:14     | Reached XP level 15. HP: 92/92 MP: 20/22
 18487 | D:14     | 18487 ||| Stepping ~*~*~tactically~*~*~ (stealth).
 18489 | D:14     | 18489 ||| Stepping ~*~*~tactically~*~*~ (stealth).
 18572 | D:14     | 18572 ||| Stepping ~*~*~tactically~*~*~ (stealth).
 18575 | D:14     | 18575 ||| INVOKING Heroism.
 18578 | D:14     | Received a gift from Okawaru
 18585 | D:14     | 18585 ||| Stepping ~*~*~tactically~*~*~ (stealth).
 18586 | D:14     | 18586 ||| Stepping ~*~*~tactically~*~*~ (stealth).
 18591 | D:14     | 18591 ||| Stepping ~*~*~tactically~*~*~ (stealth).
 18601 | D:14     | 18601 ||| Stepping ~*~*~tactically~*~*~ (stealth).
 18602 | D:14     | 18602 ||| Stepping ~*~*~tactically~*~*~ (stealth).
 18603 | D:14     | 18603 ||| Stepping ~*~*~tactically~*~*~ (stealth).
 18729 | D:14     | Identified the +7 broad axe of the Sharing Sybil {flame,
                  | rCorr Str+4 Int+4} (Okawaru gifted it to you on level 14 of
                  | the Dungeon)
 18729 | D:14     | Received a gift from Okawaru
 18730 | D:14     | 18730 ||| INVOKING Heroism.
 18744 | D:14     | 18744 ||| SWAPPING to +7 broad axe of the Sharing Sybil
                  | {flame, rCorr Str+4 Int+4}.
 18745 | D:14     | 18745 ||| DROPPING +4 war axe of flaming.
 18746 | D:14     | 18746 ||| DROPPING +11 hand axe "Gargoyle's Peril" {vamp,
                  | Fly rPois}.
 19193 | D:14     | 19193 ||| Stepping ~*~*~tactically~*~*~ (hiding).
 19196 | D:14     | 19196 ||| Stepping ~*~*~tactically~*~*~ (hiding).
 19197 | D:14     | 19197 ||| Stepping ~*~*~tactically~*~*~ (hiding).
 19202 | D:14     | 19202 ||| Stepping ~*~*~tactically~*~*~ (hiding).
 19204 | D:14     | 19204 ||| Stepping ~*~*~tactically~*~*~ (hiding).
 19262 | D:14     | Found a gate to the Vaults.
 19366 | D:14     | 19366 ||| Stepping ~*~*~tactically~*~*~ (stealth).
 19427 | D:15     | Entered Level 15 of the Dungeon
 19449 | D:15     | 19449 ||| Stepping ~*~*~tactically~*~*~ (hiding).
 19594 | D:15     | 19594 ||| INVOKING Heroism.
 19702 | D:15     | Received a gift from Okawaru
 19720 | D:15     | 19720 ||| Stepping ~*~*~tactically~*~*~ (hiding).
 19724 | D:15     | 19724 ||| INVOKING Heroism.
 20086 | D:15     | 20086 ||| INVOKING Heroism.
 20089 | D:15     | Identified the +3 hand axe of the Sun {freeze, rC+}
                  | (Okawaru gifted it to you on level 15 of the Dungeon)
 20089 | D:15     | Received a gift from Okawaru
 20090 | D:15     | Reached skill level 15 in Axes
 20237 | D:15     | Found a staircase to the Depths.
 20424 | D:15     | 20424 ||| PLANNING ORC
 20424 | D:15     | 20424 ||| UPGRADING to +2 helmet.
 20429 | D:15     | 20429 ||| DROPPING +4 ring of evasion.
 20576 | Orc:1    | Entered Level 1 of the Orcish Mines
 20579 | Orc:1    | 20579 ||| INVOKING Heroism.
 20593 | Orc:1    | 20593 ||| Stepping ~*~*~tactically~*~*~ (hiding).
 20596 | Orc:1    | 20596 ||| Stepping ~*~*~tactically~*~*~ (hiding).
 20605 | Orc:1    | 20605 ||| Stepping ~*~*~tactically~*~*~ (hiding).
 20724 | Orc:1    | 20724 ||| INVOKING Heroism.
 20759 | Orc:1    | Noticed Maurice
 20766 | Orc:1    | 20766 ||| Stepping ~*~*~tactically~*~*~ (hiding).
 20767 | Orc:1    | 20767 ||| Stepping ~*~*~tactically~*~*~ (hiding).
 20768 | Orc:1    | 20768 ||| Stepping ~*~*~tactically~*~*~ (hiding).
 20781 | Orc:1    | Killed Maurice
 20971 | Orc:2    | Entered Level 2 of the Orcish Mines
 20972 | Orc:2    | 20972 ||| STAIRDANCE
 20977 | Orc:2    | 20977 ||| STAIRDANCE
 20991 | Orc:2    | 20991 ||| STAIRDANCE
 20993 | Orc:1    | 20993 ||| INVOKING Heroism.
 21009 | Orc:2    | 21009 ||| STAIRDANCE
 21013 | Orc:2    | Gained mutation: You are dopey. (Int -2) [a neqoxec]
 21014 | Orc:2    | 21014 ||| STAIRDANCE
 21032 | Orc:2    | Found a staircase to the Elven Halls.
 21067 | Orc:2    | 21067 ||| Stepping ~*~*~tactically~*~*~ (stealth).
 21207 | Orc:2    | 21207 ||| Stepping ~*~*~tactically~*~*~ (hiding).
 21372 | Orc:2    | 21372 ||| INVOKING Heroism.
 21389 | Orc:2    | Noticed an orc warlord
 21390 | Orc:2    | 21390 ||| INVOKING Finesse.
 21411 | Orc:2    | Found Xuuvaer's Antique Weapon Shop.
 21420 | Orc:2    | Killed an orc warlord
 21426 | Orc:2    | Received a gift from Okawaru
 21430 | Orc:2    | Reached skill level 12 in Fighting
 21432 | Orc:2    | 21432 ||| Stepping ~*~*~tactically~*~*~ (stealth).
 21442 | Orc:2    | 21442 ||| Stepping ~*~*~tactically~*~*~ (stealth).
 21444 | Orc:2    | 21444 ||| INVOKING Heroism.
 21445 | Orc:2    | 21445 ||| Stepping ~*~*~tactically~*~*~ (hiding).
 21473 | Orc:2    | Found Jounnye's Antique Armour Boutique.
 21488 | Orc:2    | 21488 ||| BUYING shiny plate armour (520 gold).
 21488 | Orc:2    | Bought a shiny plate armour for 520 gold pieces
 21531 | Orc:2    | 21531 ||| INVOKING Heroism.
 21628 | Orc:2    | 21628 ||| INVOKING Heroism.
 21642 | Orc:2    | Found Avifruphu's Book Shop.
 21698 | Orc:2    | Found Cef Hile's General Store.
 21699 | Orc:2    | 21699 ||| INVOKING Heroism.
 21706 | Orc:2    | Reached XP level 16. HP: 101/101 MP: 21/23
 21724 | Orc:2    | 21724 ||| BUYING 2 potions of curing (60 gold).
 21724 | Orc:2    | Bought 2 potions of curing for 60 gold pieces
 21791 | Orc:2    | 21791 ||| INVOKING Heroism.
 21804 | Orc:2    | 21804 ||| PLANNING SPIDER:1-3
 21804 | Orc:2    | 21804 ||| DROPPING +2 chain mail of cold resistance.
 21805 | Orc:2    | 21805 ||| DROPPING +4 chain mail of cold resistance.
 21945 | Spider:1 | Entered Level 1 of the Spider Nest
 22097 | Spider:1 | 22097 ||| Stepping ~*~*~tactically~*~*~ (stealth).
 22383 | Spider:1 | 22383 ||| Stepping ~*~*~tactically~*~*~ (stealth).
 22386 | Spider:1 | 22386 ||| Stepping ~*~*~tactically~*~*~ (stealth).
 22389 | Spider:1 | 22389 ||| INVOKING Heroism.
 22480 | Spider:1 | 22480 ||| Stepping ~*~*~tactically~*~*~ (stealth).
 22484 | Spider:1 | 22484 ||| Stepping ~*~*~tactically~*~*~ (hiding).
 22655 | Spider:1 | 22655 ||| Stepping randomly (disturbance).
 22656 | Spider:1 | 22656 ||| Stepping randomly (disturbance).
 22807 | Spider:1 | 22807 ||| READING scroll of enchant armour.
 22807 | Spider:1 | 22807 ||| ENCHANTING +4 plate armour of willpower.
 22825 | Spider:1 | Noticed Aizul
 22826 | Spider:1 | 22826 ||| INVOKING Heroism.
 22827 | Spider:1 | 22827 ||| INVOKING Finesse.
 22833 | Spider:1 | Killed Aizul
 23129 | Spider:1 | Noticed Josephine
 23130 | Spider:1 | 23130 ||| Stepping ~*~*~tactically~*~*~ (stealth).
 23142 | Spider:1 | Killed Josephine
 23214 | Spider:1 | 23214 ||| READING 8 scrolls of identify.
 23214 | Spider:1 | 23214 ||| IDENTIFYING viscous red potion
 23246 | Spider:2 | 23246 ||| STAIRDANCE
 23381 | Spider:2 | Received a gift from Okawaru
 23382 | Spider:2 | 23382 ||| STAIRDANCE
 23389 | Spider:1 | 23389 ||| INVOKING Heroism.
 23435 | Spider:2 | 23435 ||| STAIRDANCE
 23452 | Spider:2 | 23452 ||| STAIRDANCE
 23454 | Spider:1 | 23454 ||| DRINKING 10 potions of curing.
 23454 | Spider:1 | 23454 ||| (to cure confusion)
 23461 | Spider:2 | 23461 ||| STAIRDANCE
 23463 | Spider:1 | 23463 ||| DRINKING 9 potions of curing.
 23463 | Spider:1 | 23463 ||| (to cure confusion)
 23467 | Spider:2 | 23467 ||| STAIRDANCE
 23471 | Spider:1 | 23471 ||| DRINKING 8 potions of curing.
 23471 | Spider:1 | 23471 ||| (to cure confusion)
 23475 | Spider:2 | 23475 ||| INVOKING Heroism.
 23484 | Spider:2 | 23484 ||| Stepping ~*~*~tactically~*~*~ (hiding).
 23485 | Spider:2 | 23485 ||| Stepping ~*~*~tactically~*~*~ (hiding).
 23498 | Spider:2 | Received a gift from Okawaru
 23507 | Spider:2 | Reached ****** piety under Okawaru
 23509 | Spider:2 | 23509 ||| Stepping ~*~*~tactically~*~*~ (stealth).
 23510 | Spider:2 | 23510 ||| Stepping ~*~*~tactically~*~*~ (stealth).
 23536 | Spider:2 | 23536 ||| Stepping ~*~*~tactically~*~*~ (stealth).
 23612 | Spider:2 | 23612 ||| Stepping ~*~*~tactically~*~*~ (stealth).
 23635 | Spider:2 | 23635 ||| Stepping ~*~*~tactically~*~*~ (stealth).
 23694 | Spider:2 | 23694 ||| INVOKING Heroism.
 23702 | Spider:2 | Reached skill level 12 in Armour
 23702 | Spider:2 | 23702 ||| Stepping ~*~*~tactically~*~*~ (hiding).
 23704 | Spider:2 | 23704 ||| INVOKING Finesse.
 23706 | Spider:2 | Noticed Louise
 23707 | Spider:2 | 23707 ||| Stepping ~*~*~tactically~*~*~ (hiding).
 23708 | Spider:2 | 23708 ||| Stepping ~*~*~tactically~*~*~ (hiding).
 23716 | Spider:2 | Killed Louise
 23723 | Spider:2 | 23723 ||| Stepping ~*~*~tactically~*~*~ (stealth).
 23725 | Spider:2 | 23725 ||| Stepping ~*~*~tactically~*~*~ (stealth).
 23726 | Spider:2 | 23726 ||| Stepping ~*~*~tactically~*~*~ (stealth).
 23963 | Spider:2 | 23963 ||| READING scroll of enchant armour.
 23963 | Spider:2 | 23963 ||| ENCHANTING +5 plate armour of willpower.
 24047 | Spider:2 | 24047 ||| UPGRADING to +0 helmet of see invisible.
 24094 | Spider:3 | 24094 ||| INVOKING Finesse.
 24165 | Spider:3 | 24165 ||| Stepping ~*~*~tactically~*~*~ (stealth).
 24184 | Spider:3 | 24184 ||| Stepping ~*~*~tactically~*~*~ (stealth).
 24189 | Spider:3 | 24189 ||| Stepping ~*~*~tactically~*~*~ (stealth).
 24196 | Spider:3 | 24196 ||| Stepping ~*~*~tactically~*~*~ (stealth).
 24244 | Spider:3 | 24244 ||| INVOKING Heroism.
 24272 | Spider:3 | 24272 ||| Stepping ~*~*~tactically~*~*~ (hiding).
 24279 | Spider:3 | 24279 ||| INVOKING Finesse.
 24315 | Spider:3 | 24315 ||| Stepping ~*~*~tactically~*~*~ (hiding).
 24316 | Spider:3 | 24316 ||| Stepping ~*~*~tactically~*~*~ (hiding).
 24430 | Spider:3 | 24430 ||| Stepping ~*~*~tactically~*~*~ (hiding).
 24431 | Spider:3 | 24431 ||| Stepping ~*~*~tactically~*~*~ (hiding).
 24432 | Spider:3 | 24432 ||| INVOKING Heroism.
 24433 | Spider:3 | 24433 ||| INVOKING Finesse.
 24452 | Spider:3 | 24452 ||| DROPPING +1 pair of gloves.
 24453 | Spider:3 | 24453 ||| READING 6 scrolls of teleportation.
 24745 | Spider:3 | 24745 ||| Stepping ~*~*~tactically~*~*~ (stealth).
 24746 | Spider:3 | 24746 ||| Stepping ~*~*~tactically~*~*~ (stealth).
 24907 | Spider:3 | 24907 ||| PLANNING SHOALS:1-3
 25032 | Shoals:1 | Entered Level 1 of the Shoals
 25038 | Shoals:1 | 25038 ||| Stepping ~*~*~tactically~*~*~ (stealth).
 25075 | Shoals:1 | 25075 ||| INVOKING Heroism.
 25092 | Shoals:1 | 25092 ||| Stepping ~*~*~tactically~*~*~ (stealth).
 25094 | Shoals:1 | 25094 ||| Stepping ~*~*~tactically~*~*~ (stealth).
 25100 | Shoals:1 | Received a gift from Okawaru
 25110 | Shoals:1 | 25110 ||| Stepping ~*~*~tactically~*~*~ (hiding).
 25111 | Shoals:1 | 25111 ||| Stepping ~*~*~tactically~*~*~ (hiding).
 25260 | Shoals:1 | Found Moone's Distillery.
 25264 | Shoals:1 | 25264 ||| INVOKING Heroism.
 25265 | Shoals:1 | 25265 ||| INVOKING Finesse.
 25316 | Shoals:1 | 25316 ||| BUYING potion of curing (45 gold).
 25316 | Shoals:1 | Bought a potion of curing for 45 gold pieces
 25316 | Shoals:1 | 25316 ||| BUYING potion of lignification (45 gold).
 25316 | Shoals:1 | Bought a potion of lignification for 45 gold pieces
 25316 | Shoals:1 | 25316 ||| BUYING potion of mutation (120 gold).
 25316 | Shoals:1 | Bought a potion of mutation for 120 gold pieces
 25322 | Shoals:1 | Identified the +2 ring mail of Hiohumm {rN+ Int+5 Dex+3}
 25364 | Shoals:1 | Reached XP level 17. HP: 95/106 MP: 24/24
 25364 | Shoals:1 | Received a gift from Okawaru
 25375 | Shoals:1 | 25375 ||| DROPPING +1 vorpal broad axe.
 25637 | Shoals:1 | 25637 ||| INVOKING Heroism.
 25638 | Shoals:1 | 25638 ||| INVOKING Finesse.
 25887 | Shoals:1 | 25887 ||| DROPPING ring of ice.
 25947 | Shoals:2 | 25947 ||| INVOKING Heroism.
 25978 | Shoals:2 | Noticed Roxanne
 25979 | Shoals:2 | 25979 ||| INVOKING Finesse.
 25991 | Shoals:2 | Killed Roxanne
 26024 | Shoals:2 | 26024 ||| INVOKING Heroism.
 26075 | Shoals:2 | 26075 ||| Stepping ~*~*~tactically~*~*~ (hiding).
 26370 | Shoals:2 | 26370 ||| Stepping ~*~*~tactically~*~*~ (hiding).
 26371 | Shoals:2 | 26371 ||| Stepping ~*~*~tactically~*~*~ (hiding).
 26374 | Shoals:2 | 26374 ||| Stepping ~*~*~tactically~*~*~ (hiding).
 26375 | Shoals:2 | 26375 ||| Stepping ~*~*~tactically~*~*~ (hiding).
 26377 | Shoals:2 | 26377 ||| INVOKING Heroism.
 26434 | Shoals:2 | 26434 ||| INVOKING Heroism.
 26454 | Shoals:2 | Noticed a kraken
 26455 | Shoals:2 | 26455 ||| Stepping ~*~*~tactically~*~*~ (hiding).
 26456 | Shoals:2 | 26456 ||| Stepping ~*~*~tactically~*~*~ (hiding).
 26467 | Shoals:2 | Killed a kraken
 26840 | Shoals:3 | 26840 ||| INVOKING Heroism.
 26841 | Shoals:3 | 26841 ||| INVOKING Finesse.
 26881 | Shoals:3 | 26881 ||| INVOKING Finesse.
 26882 | Shoals:3 | 26882 ||| INVOKING Heroism.
 26899 | Shoals:3 | Received a gift from Okawaru
 27099 | Shoals:3 | 27099 ||| Stepping ~*~*~tactically~*~*~ (hiding).
 27100 | Shoals:3 | 27100 ||| Stepping ~*~*~tactically~*~*~ (hiding).
 27101 | Shoals:3 | 27101 ||| INVOKING Heroism.
 27102 | Shoals:3 | 27102 ||| INVOKING Finesse.
 27115 | Shoals:3 | 27115 ||| Stepping ~*~*~tactically~*~*~ (hiding).
 27116 | Shoals:3 | 27116 ||| Stepping ~*~*~tactically~*~*~ (hiding).
 27119 | Shoals:3 | 27119 ||| Stepping ~*~*~tactically~*~*~ (stealth).
 27176 | Shoals:3 | 27176 ||| Stepping ~*~*~tactically~*~*~ (hiding).
 27177 | Shoals:3 | 27177 ||| Stepping ~*~*~tactically~*~*~ (hiding).
 27282 | Shoals:3 | Reached skill level 6 in Throwing
 27323 | Shoals:3 | 27323 ||| INVOKING Heroism.
 27326 | Shoals:3 | Received a gift from Okawaru
 27566 | Shoals:3 | 27566 ||| INVOKING Heroism.
 27684 | Shoals:4 | Entered Level 4 of the Shoals
 27685 | Shoals:4 | 27685 ||| PLANNING SPIDER:4
 27706 | Shoals:4 | 27706 ||| FLEEEEING.
 27844 | Spider:4 | Entered Level 4 of the Spider Nest
 27856 | Spider:4 | 27856 ||| Stepping ~*~*~tactically~*~*~ (stealth).
 27915 | Spider:4 | 27915 ||| Stepping ~*~*~tactically~*~*~ (stealth).
 27920 | Spider:4 | 27920 ||| INVOKING Finesse.
 27921 | Spider:4 | 27921 ||| INVOKING Heroism.
 27945 | Spider:4 | 27945 ||| Stepping ~*~*~tactically~*~*~ (stealth).
 27948 | Spider:4 | 27948 ||| Stepping ~*~*~tactically~*~*~ (stealth).
 27983 | Spider:4 | 27983 ||| Stepping ~*~*~tactically~*~*~ (stealth).
 27986 | Spider:4 | 27986 ||| INVOKING Heroism.
 28005 | Spider:4 | 28005 ||| Stepping ~*~*~tactically~*~*~ (stealth).
 28032 | Spider:4 | 28032 ||| Stepping ~*~*~tactically~*~*~ (stealth).
 28035 | Spider:4 | 28035 ||| Stepping ~*~*~tactically~*~*~ (stealth).
 28079 | Spider:4 | 28079 ||| Stepping ~*~*~tactically~*~*~ (stealth).
 28080 | Spider:4 | 28080 ||| Stepping ~*~*~tactically~*~*~ (stealth).
 28109 | Spider:4 | 28109 ||| Stepping ~*~*~tactically~*~*~ (stealth).
 28114 | Spider:4 | 28114 ||| INVOKING Heroism.
 28142 | Spider:4 | 28142 ||| Stepping ~*~*~tactically~*~*~ (stealth).
 28227 | Spider:4 | 28227 ||| Stepping ~*~*~tactically~*~*~ (stealth).
 28274 | Spider:4 | 28274 ||| Stepping ~*~*~tactically~*~*~ (stealth).
 28275 | Spider:4 | 28275 ||| Stepping ~*~*~tactically~*~*~ (stealth).
 28282 | Spider:4 | 28282 ||| Stepping ~*~*~tactically~*~*~ (stealth).
 28283 | Spider:4 | 28283 ||| Stepping ~*~*~tactically~*~*~ (stealth).
 28286 | Spider:4 | 28286 ||| INVOKING Heroism.
 28293 | Spider:4 | Received a gift from Okawaru
 28386 | Spider:4 | 28386 ||| Stepping ~*~*~tactically~*~*~ (stealth).
 28389 | Spider:4 | 28389 ||| Stepping ~*~*~tactically~*~*~ (hiding).
 28452 | Spider:4 | 28452 ||| Stepping ~*~*~tactically~*~*~ (stealth).
 28454 | Spider:4 | 28454 ||| Stepping ~*~*~tactically~*~*~ (stealth).
 28457 | Spider:4 | 28457 ||| INVOKING Heroism.
 28473 | Spider:4 | 28473 ||| INVOKING Finesse.
 28503 | Spider:4 | 28503 ||| Stepping ~*~*~tactically~*~*~ (stealth).
 28504 | Spider:4 | 28504 ||| Stepping ~*~*~tactically~*~*~ (stealth).
 28696 | Spider:4 | Reached XP level 18. HP: 112/114 MP: 25/25
 28700 | Spider:4 | Got a gossamer rune of Zot
 28754 | Spider:4 | 28754 ||| Stepping ~*~*~tactically~*~*~ (stealth).
 28756 | Spider:4 | 28756 ||| INVOKING Heroism.
 28767 | Spider:4 | Reached skill level 18 in Axes
 28973 | Spider:4 | 28973 ||| INVOKING Heroism.
 29017 | Spider:4 | 29017 ||| INVOKING Heroism.
 29181 | Spider:4 | 29181 ||| PLANNING VAULTS:1-4
 29181 | Spider:4 | 29181 ||| DROPPING +2 pair of boots of rampaging.
 29182 | Spider:4 | 29182 ||| DROPPING ring of see invisible.
 29183 | Spider:4 | 29183 ||| READING 9 scrolls of identify.
 29183 | Spider:4 | 29183 ||| IDENTIFYING fuming yellow potion
 29381 | Vaults:1 | Entered Level 1 of the Vaults
 29381 | Vaults:1 | Noticed Zenata
 29382 | Vaults:1 | 29382 ||| INVOKING Heroism.
 29383 | Vaults:1 | 29383 ||| INVOKING Finesse.
 29389 | Vaults:1 | Killed Zenata
 29433 | Vaults:1 | 29433 ||| Stepping ~*~*~tactically~*~*~ (hiding).
 29439 | Vaults:1 | 29439 ||| Stepping ~*~*~tactically~*~*~ (stealth).
 29442 | Vaults:1 | 29442 ||| INVOKING Heroism.
 29449 | Vaults:1 | 29449 ||| Stepping ~*~*~tactically~*~*~ (hiding).
 29450 | Vaults:1 | 29450 ||| Stepping ~*~*~tactically~*~*~ (hiding).
 29476 | Vaults:1 | 29476 ||| INVOKING Finesse.
 29480 | Vaults:1 | Received a gift from Okawaru
 29503 | Vaults:1 | 29503 ||| Stepping ~*~*~tactically~*~*~ (stealth).
 29511 | Vaults:1 | 29511 ||| DROPPING +0 broad axe of draining.
 29542 | Vaults:1 | 29542 ||| Stepping ~*~*~tactically~*~*~ (stealth).
 29586 | Vaults:1 | 29586 ||| Stepping ~*~*~tactically~*~*~ (hiding).
 29589 | Vaults:1 | 29589 ||| Stepping ~*~*~tactically~*~*~ (hiding).
 29591 | Vaults:1 | 29591 ||| Stepping ~*~*~tactically~*~*~ (hiding).
 29633 | Vaults:1 | Reached skill level 18 in Shields
 29678 | Vaults:1 | 29678 ||| INVOKING Heroism.
 29679 | Vaults:1 | 29679 ||| INVOKING Finesse.
 29854 | Vaults:1 | Identified the +2 robe of Beauty {*Corrode Int+4}
 29882 | Vaults:1 | 29882 ||| Stepping ~*~*~tactically~*~*~ (hiding).
 29915 | Vaults:1 | 29915 ||| READING scroll of enchant armour.
 29915 | Vaults:1 | 29915 ||| ENCHANTING +0 helmet of see invisible.
 30062 | Vaults:1 | 30062 ||| Stepping ~*~*~tactically~*~*~ (stealth).
 30065 | Vaults:1 | 30065 ||| Stepping ~*~*~tactically~*~*~ (hiding).
 30078 | Vaults:1 | 30078 ||| READING 7 scrolls of teleportation.
 30097 | Vaults:1 | 30097 ||| Stepping ~*~*~tactically~*~*~ (hiding).
 30142 | Vaults:1 | 30142 ||| Stepping ~*~*~tactically~*~*~ (stealth).
 30144 | Vaults:1 | 30144 ||| Stepping ~*~*~tactically~*~*~ (stealth).
 30151 | Vaults:1 | 30151 ||| INVOKING Heroism.
 30228 | Vaults:1 | 30228 ||| Stepping ~*~*~tactically~*~*~ (stealth).
 30435 | Vaults:1 | 30435 ||| Stepping ~*~*~tactically~*~*~ (stealth).
 30436 | Vaults:1 | 30436 ||| Stepping ~*~*~tactically~*~*~ (stealth).
 30460 | Vaults:1 | 30460 ||| Stepping ~*~*~tactically~*~*~ (stealth).
 30467 | Vaults:1 | 30467 ||| INVOKING Heroism.
 30473 | Vaults:1 | Received a gift from Okawaru
 30852 | Vaults:1 | 30852 ||| DROPPING +2 helmet.
 30913 | Vaults:2 | 30913 ||| PLANNING DESOLATION
 30945 | Vaults:2 | 30945 ||| INVOKING Heroism.
 30984 | Vaults:2 | 30984 ||| READING scroll of enchant armour.
 30984 | Vaults:2 | 30984 ||| ENCHANTING +1 helmet of see invisible.
 31016 | Vaults:2 | You are sucked into a shaft and drop 1 floor!
 31023 | Vaults:3 | 31023 ||| INVOKING Heroism.
 31024 | Vaults:3 | 31024 ||| INVOKING Finesse.
 31027 | Vaults:3 | 31027 ||| Stepping ~*~*~tactically~*~*~ (hiding).
 31098 | Vaults:3 | 31098 ||| Stepping ~*~*~tactically~*~*~ (hiding).
 31224 | Vaults:3 | 31224 ||| Stepping ~*~*~tactically~*~*~ (hiding).
 31248 | Vaults:3 | 31248 ||| INVOKING Heroism.
 31249 | Vaults:3 | 31249 ||| INVOKING Finesse.
 31250 | Vaults:3 | Found a gateway to a bazaar.
 31325 | Vaults:3 | 31325 ||| Stepping ~*~*~tactically~*~*~ (hiding).
 31374 | Vaults:3 | 31374 ||| INVOKING Heroism.
 31414 | Vaults:3 | 31414 ||| DROPPING +2 helmet.
 31428 | Vaults:2 | 31428 ||| Stepping ~*~*~tactically~*~*~ (hiding).
 31430 | Vaults:2 | 31430 ||| Stepping ~*~*~tactically~*~*~ (stealth).
 31433 | Vaults:2 | 31433 ||| INVOKING Heroism.
 31434 | Vaults:2 | Found a crumbling gateway.
 31455 | Desolati | Entered the Desolation of Salt
 31484 | Desolati | 31484 ||| Stepping ~*~*~tactically~*~*~ (hiding).
 31489 | Desolati | 31489 ||| INVOKING Heroism.
 31491 | Desolati | 31491 ||| INVOKING Finesse.
 31494 | Desolati | Reached skill level 15 in Fighting
 31532 | Desolati | Found the +4 robe of Folly {Brilliance Will-∞ Int+8}
 31537 | Desolati | Identified the ring "Vamuorov" {rF+ Str+6 Int-3}
 31548 | Desolati | 31548 ||| Stepping ~*~*~tactically~*~*~ (stealth).
 31553 | Desolati | 31553 ||| Stepping ~*~*~tactically~*~*~ (hiding).
 31572 | Desolati | 31572 ||| INVOKING Heroism.
 31578 | Desolati | Received a gift from Okawaru
 31581 | Desolati | Reached XP level 19. HP: 121/124 MP: 24/26
 31586 | Desolati | 31586 ||| INVOKING Finesse.
 31623 | Desolati | Identified the +0 steam dragon scales "Teklafri" {Rampage
                  | rElec Int+2 Dex-3}
 31654 | Desolati | Identified the +5 scale mail "Zipnyl Ufya" {rElec rC- Int+4
                  | SInv}
 31659 | Desolati | Identified the +6 shortbow of the Burning God {venom, rElec
                  | rCorr Dex-4}
 31698 | Desolati | Received a gift from Okawaru
 31715 | Desolati | 31715 ||| INVOKING Heroism.
 31722 | Desolati | Reached skill level 15 in Armour
 31737 | Desolati | Identified the +3 broad axe "Jaronupo" {freeze, Int+5}
                  | (Okawaru gifted it to you in the Desolation of Salt)
 31737 | Desolati | Received a gift from Okawaru
 31759 | Desolati | 31759 ||| DROPPING +3 broad axe "Jaronupo" {freeze, Int+5}.
 31765 | Desolati | 31765 ||| INVOKING Heroism.
 31780 | Desolati | Reached skill level 9 in Throwing
 31850 | Desolati | 31850 ||| Stepping ~*~*~tactically~*~*~ (hiding).
 31851 | Desolati | 31851 ||| Stepping ~*~*~tactically~*~*~ (hiding).
 31852 | Desolati | 31852 ||| Stepping ~*~*~tactically~*~*~ (hiding).
 31854 | Desolati | 31854 ||| INVOKING Heroism.
 31896 | Desolati | 31896 ||| Stepping ~*~*~tactically~*~*~ (stealth).
 31903 | Desolati | 31903 ||| Stepping ~*~*~tactically~*~*~ (hiding).
 31908 | Desolati | 31908 ||| INVOKING Heroism.
 31909 | Desolati | 31909 ||| INVOKING Finesse.
 31946 | Desolati | Found the +8 whip "Snakebite" {venom, curare, rPois}
 32322 | Desolati | 32322 ||| DROPPING +4 plate armour of willpower.
 32323 | Desolati | 32323 ||| DROPPING ring of fire.
 32324 | Desolati | 32324 ||| UPGRADING to ring "Vamuorov" {rF+ Str+6 Int-3}.
 32360 | Vaults:2 | 32360 ||| PLANNING BAZAAR
 32429 | Bazaar   | Entered a bazaar
 32444 | Bazaar   | Found Waunes's Magic Scroll Emporium.
 32451 | Bazaar   | 32451 ||| BUYING scroll of identify (20 gold).
 32451 | Bazaar   | Bought a scroll of identify for 20 gold pieces
 32451 | Bazaar   | 32451 ||| BUYING scroll of identify (20 gold).
 32451 | Bazaar   | Bought a scroll of identify for 20 gold pieces
 32451 | Bazaar   | 32451 ||| BUYING scroll of teleportation (30 gold).
 32451 | Bazaar   | Bought a scroll of teleportation for 30 gold pieces
 32451 | Bazaar   | 32451 ||| BUYING scroll of teleportation (30 gold).
 32451 | Bazaar   | Bought a scroll of teleportation for 30 gold pieces
 32451 | Bazaar   | 32451 ||| BUYING scroll of teleportation (30 gold).
 32451 | Bazaar   | Bought a scroll of teleportation for 30 gold pieces
 32463 | Bazaar   | Found Zeng's Distillery.
 32468 | Bazaar   | 32468 ||| BUYING potion of curing (42 gold).
 32468 | Bazaar   | Bought a potion of curing for 42 gold pieces
 32468 | Bazaar   | 32468 ||| BUYING potion of curing (42 gold).
 32468 | Bazaar   | Bought a potion of curing for 42 gold pieces
 32468 | Bazaar   | 32468 ||| BUYING potion of haste (140 gold).
 32468 | Bazaar   | Bought a potion of haste for 140 gold pieces
 32468 | Bazaar   | 32468 ||| BUYING potion of magic (112 gold).
 32468 | Bazaar   | Bought a potion of magic for 112 gold pieces
 32468 | Bazaar   | 32468 ||| BUYING potion of magic (112 gold).
 32468 | Bazaar   | Bought a potion of magic for 112 gold pieces
 32468 | Bazaar   | 32468 ||| BUYING potion of might (56 gold).
 32468 | Bazaar   | Bought a potion of might for 56 gold pieces
 32468 | Bazaar   | 32468 ||| BUYING potion of resistance (140 gold).
 32468 | Bazaar   | Bought a potion of resistance for 140 gold pieces
 32495 | Bazaar   | Found Jumehaqo's Distillery.
 32499 | Bazaar   | 32499 ||| BUYING 2 potions of curing (48 gold).
 32499 | Bazaar   | Bought 2 potions of curing for 48 gold pieces
 32499 | Bazaar   | 32499 ||| BUYING potion of cancellation (64 gold).
 32499 | Bazaar   | Bought a potion of cancellation for 64 gold pieces
 32499 | Bazaar   | 32499 ||| BUYING potion of curing (24 gold).
 32499 | Bazaar   | Bought a potion of curing for 24 gold pieces
 32499 | Bazaar   | 32499 ||| BUYING potion of heal wounds (40 gold).
 32499 | Bazaar   | Bought a potion of heal wounds for 40 gold pieces
 32499 | Bazaar   | 32499 ||| BUYING potion of heal wounds (40 gold).
 32499 | Bazaar   | Bought a potion of heal wounds for 40 gold pieces
 32499 | Bazaar   | 32499 ||| BUYING potion of mutation (64 gold).
 32499 | Bazaar   | Bought a potion of mutation for 64 gold pieces
 32499 | Bazaar   | 32499 ||| BUYING potion of mutation (64 gold).
 32499 | Bazaar   | Bought a potion of mutation for 64 gold pieces
 32508 | Bazaar   | Found Wustooh's Magic Scroll Emporium.
 32514 | Bazaar   | 32514 ||| BUYING scroll of enchant weapon (82 gold).
 32514 | Bazaar   | Bought a scroll of enchant weapon for 82 gold pieces
 32514 | Bazaar   | 32514 ||| BUYING scroll of teleportation (33 gold).
 32514 | Bazaar   | Bought a scroll of teleportation for 33 gold pieces
 32526 | Vaults:3 | 32526 ||| PLANNING VAULTS:1-4
 32603 | Vaults:2 | 32603 ||| Stepping ~*~*~tactically~*~*~ (stealth).
 32610 | Vaults:2 | 32610 ||| INVOKING Heroism.
 32642 | Vaults:2 | 32642 ||| Stepping ~*~*~tactically~*~*~ (stealth).
 32649 | Vaults:2 | 32649 ||| INVOKING Heroism.
 32652 | Vaults:2 | Identified the +4 helmet of the Jolly Tusks {+Inv rF- rC-
                  | rCorr} (Okawaru gifted it to you on level 2 of the Vaults)
 32652 | Vaults:2 | Received a gift from Okawaru
 32716 | Vaults:2 | 32716 ||| INVOKING Heroism.
 32717 | Vaults:2 | 32717 ||| INVOKING Finesse.
 32766 | Vaults:2 | 32766 ||| INVOKING Heroism.
 32768 | Vaults:2 | 32768 ||| INVOKING Finesse.
 33200 | Vaults:2 | 33200 ||| INVOKING Heroism.
 33215 | Vaults:2 | 33215 ||| INVOKING Finesse.
 33230 | Vaults:2 | 33230 ||| Stepping ~*~*~tactically~*~*~ (hiding).
 33237 | Vaults:2 | 33237 ||| Stepping ~*~*~tactically~*~*~ (hiding).
 33497 | Vaults:2 | Found a staircase to the Crypt.
 33497 | Vaults:2 | Found an ancient bone altar of Kikubaaqudgha.
 33498 | Vaults:2 | Found a basalt altar of Yredelemnul.
 33616 | Vaults:2 | Reached skill level 6 in Dodging
 33785 | Vaults:2 | 33785 ||| DROPPING +0 plate armour of cold resistance.
 33786 | Vaults:2 | 33786 ||| DROPPING +4 plate armour.
 33976 | Vaults:3 | 33976 ||| Stepping ~*~*~tactically~*~*~ (hiding).
 33977 | Vaults:3 | 33977 ||| Stepping ~*~*~tactically~*~*~ (hiding).
 33978 | Vaults:3 | 33978 ||| INVOKING Heroism.
 33979 | Vaults:3 | 33979 ||| INVOKING Finesse.
 34114 | Vaults:3 | 34114 ||| Stepping ~*~*~tactically~*~*~ (stealth).
 34134 | Vaults:3 | 34134 ||| Stepping ~*~*~tactically~*~*~ (hiding).
 34141 | Vaults:3 | 34141 ||| Stepping ~*~*~tactically~*~*~ (hiding).
 34155 | Vaults:3 | 34155 ||| READING 11 scrolls of teleportation.
 34183 | Vaults:3 | 34183 ||| INVOKING Heroism.
 34255 | Vaults:3 | 34255 ||| Stepping ~*~*~tactically~*~*~ (hiding).
 34258 | Vaults:3 | 34258 ||| INVOKING Heroism.
 34286 | Vaults:3 | 34286 ||| Stepping ~*~*~tactically~*~*~ (hiding).
 34296 | Vaults:3 | Reached XP level 20. HP: 131/131 MP: 27/27
 34309 | Vaults:3 | 34309 ||| INVOKING Heroism.
 34325 | Vaults:3 | 34325 ||| Stepping ~*~*~tactically~*~*~ (stealth).
 34327 | Vaults:3 | 34327 ||| Stepping ~*~*~tactically~*~*~ (hiding).
 34328 | Vaults:3 | 34328 ||| Stepping ~*~*~tactically~*~*~ (hiding).
 34329 | Vaults:3 | 34329 ||| Stepping ~*~*~tactically~*~*~ (hiding).
 34331 | Vaults:3 | 34331 ||| Stepping ~*~*~tactically~*~*~ (hiding).
 34332 | Vaults:3 | 34332 ||| Stepping ~*~*~tactically~*~*~ (hiding).
 34333 | Vaults:3 | 34333 ||| Stepping ~*~*~tactically~*~*~ (hiding).
 34336 | Vaults:3 | 34336 ||| Stepping ~*~*~tactically~*~*~ (hiding).
 34389 | Vaults:3 | 34389 ||| INVOKING Heroism.
 34390 | Vaults:3 | 34390 ||| INVOKING Finesse.
 34395 | Vaults:3 | Received a gift from Okawaru
 34491 | Vaults:3 | 34491 ||| Stepping ~*~*~tactically~*~*~ (hiding).
 34670 | Vaults:3 | 34670 ||| INVOKING Heroism.
 34702 | Vaults:3 | 34702 ||| Stepping ~*~*~tactically~*~*~ (stealth).
 34719 | Vaults:3 | 34719 ||| Stepping ~*~*~tactically~*~*~ (hiding).
 34724 | Vaults:3 | 34724 ||| Stepping ~*~*~tactically~*~*~ (hiding).
 34764 | Vaults:3 | 34764 ||| Stepping ~*~*~tactically~*~*~ (stealth).
 35036 | Vaults:3 | 35036 ||| INVOKING Heroism.
 35088 | Vaults:4 | Noticed Saint Roka
 35088 | Vaults:4 | 35088 ||| STAIRDANCE
 35090 | Vaults:3 | 35090 ||| INVOKING Heroism.
 35106 | Vaults:4 | 35106 ||| STAIRDANCE
 35120 | Vaults:3 | Killed Saint Roka
 35159 | Vaults:4 | Received a gift from Okawaru
 35183 | Vaults:4 | 35183 ||| Stepping ~*~*~tactically~*~*~ (hiding).
 35184 | Vaults:4 | 35184 ||| Stepping ~*~*~tactically~*~*~ (hiding).
 35186 | Vaults:4 | 35186 ||| Stepping ~*~*~tactically~*~*~ (hiding).
 35187 | Vaults:4 | 35187 ||| Stepping ~*~*~tactically~*~*~ (hiding).
 35203 | Vaults:4 | 35203 ||| INVOKING Heroism.
 35250 | Vaults:4 | 35250 ||| FLEEEEING.
 35251 | Vaults:4 | 35251 ||| FLEEEEING.
 35252 | Vaults:4 | 35252 ||| FLEEEEING.
 35253 | Vaults:4 | 35253 ||| FLEEEEING.
 35254 | Vaults:4 | 35254 ||| FLEEEEING.
 35255 | Vaults:4 | 35255 ||| FLEEEEING.
 35256 | Vaults:4 | 35256 ||| FLEEEEING.
 35257 | Vaults:4 | 35257 ||| FLEEEEING.
 35264 | Vaults:4 | Received a gift from Okawaru
 35265 | Vaults:4 | 35265 ||| FLEEEEING.
 35266 | Vaults:4 | 35266 ||| FLEEEEING.
 35267 | Vaults:4 | 35267 ||| FLEEEEING.
 35268 | Vaults:4 | 35268 ||| FLEEEEING.
 35269 | Vaults:4 | 35269 ||| FLEEEEING.
 35270 | Vaults:4 | 35270 ||| FLEEEEING.
 35271 | Vaults:4 | 35271 ||| FLEEEEING.
 35272 | Vaults:4 | 35272 ||| FLEEEEING.
 35273 | Vaults:4 | 35273 ||| FLEEEEING.
 35274 | Vaults:4 | 35274 ||| FLEEEEING.
 35275 | Vaults:4 | 35275 ||| FLEEEEING.
 35276 | Vaults:4 | 35276 ||| FLEEEEING.
 35277 | Vaults:4 | 35277 ||| INVOKING Heroism.
 35278 | Vaults:4 | 35278 ||| INVOKING Finesse.
 35449 | Vaults:4 | 35449 ||| Stepping ~*~*~tactically~*~*~ (stealth).
 35453 | Vaults:4 | 35453 ||| Stepping ~*~*~tactically~*~*~ (hiding).
 35589 | Vaults:4 | Received a gift from Okawaru
 35674 | Vaults:4 | 35674 ||| INVOKING Heroism.
 35820 | Vaults:4 | 35820 ||| Stepping ~*~*~tactically~*~*~ (hiding).
 35821 | Vaults:4 | 35821 ||| Stepping ~*~*~tactically~*~*~ (hiding).
 35825 | Vaults:4 | 35825 ||| INVOKING Heroism.
 35826 | Vaults:4 | 35826 ||| INVOKING Finesse.
 35905 | Vaults:4 | 35905 ||| Stepping ~*~*~tactically~*~*~ (hiding).
 36154 | Vaults:4 | 36154 ||| Stepping ~*~*~tactically~*~*~ (stealth).
 36219 | Vaults:4 | 36219 ||| Stepping ~*~*~tactically~*~*~ (stealth).
 36221 | Vaults:4 | 36221 ||| Stepping ~*~*~tactically~*~*~ (stealth).
 36536 | Vaults:4 | 36536 ||| Stepping ~*~*~tactically~*~*~ (hiding).
 36539 | Vaults:4 | 36539 ||| INVOKING Heroism.
 36541 | Vaults:4 | 36541 ||| Stepping ~*~*~tactically~*~*~ (hiding).
 36553 | Vaults:4 | Received a gift from Okawaru
 36554 | Vaults:4 | Reached skill level 18 in Fighting
 36616 | Vaults:4 | 36616 ||| PLANNING SHOALS:4
 37019 | Shoals:4 | 37019 ||| Stepping ~*~*~tactically~*~*~ (hiding).
 37126 | Shoals:4 | 37126 ||| INVOKING Heroism.
 37173 | Shoals:4 | Reached XP level 21. HP: 141/141 MP: 28/28
 37239 | Shoals:4 | 37239 ||| INVOKING Heroism.
 37384 | Shoals:4 | 37384 ||| Stepping ~*~*~tactically~*~*~ (stealth).
 37385 | Shoals:4 | 37385 ||| INVOKING Heroism.
 37386 | Shoals:4 | 37386 ||| INVOKING Finesse.
 37490 | Shoals:4 | 37490 ||| INVOKING Heroism.
 37620 | Shoals:4 | 37620 ||| INVOKING Heroism.
 37621 | Shoals:4 | 37621 ||| INVOKING Finesse.
 37685 | Shoals:4 | Got a barnacled rune of Zot
 37882 | Shoals:4 | 37882 ||| Stepping ~*~*~tactically~*~*~ (hiding).
 38061 | Shoals:4 | 38061 ||| PLANNING DEPTHS
 38061 | Shoals:4 | 38061 ||| DROPPING ring of willpower.
 38289 | Depths:1 | Entered Level 1 of the Depths
 38290 | Depths:1 | 38290 ||| INVOKING Heroism.
 38291 | Depths:1 | 38291 ||| INVOKING Finesse.
 38354 | Depths:1 | 38354 ||| Stepping ~*~*~tactically~*~*~ (hiding).
 38355 | Depths:1 | 38355 ||| Stepping ~*~*~tactically~*~*~ (hiding).
 38386 | Depths:1 | 38386 ||| INVOKING Heroism.
 38387 | Depths:1 | 38387 ||| INVOKING Finesse.
 38504 | Depths:1 | 38504 ||| INVOKING Heroism.
 38507 | Depths:1 | Reached skill level 18 in Armour
 38513 | Depths:1 | 38513 ||| Stepping ~*~*~tactically~*~*~ (hiding).
 38515 | Depths:1 | 38515 ||| Stepping ~*~*~tactically~*~*~ (hiding).
 38522 | Depths:1 | 38522 ||| INVOKING Finesse.
 38528 | Depths:1 | Identified the +2 pair of gloves of Bedevilment {rC- Str+7
                  | Int+6} (Okawaru gifted it to you on level 1 of the Depths)
 38528 | Depths:1 | Received a gift from Okawaru
 38530 | Depths:1 | Identified the ring of Ditubass {rPois rN+ AC+4}
 38551 | Depths:1 | 38551 ||| INVOKING Heroism.
 38639 | Depths:1 | Found a one-way gateway to a ziggurat.
 38714 | Depths:1 | Identified the +10 longbow "Arikang" {speed, Str+3}
 38992 | Depths:1 | Found a one-way gate leading to the halls of Pandemonium.
 39076 | Depths:1 | Found a gateway to Hell.
 39210 | Depths:1 | 39210 ||| UPGRADING to +2 pair of gloves of Bedevilment
                  | {rC- Str+7 Int+6}.
 39220 | Depths:1 | 39220 ||| UPGRADING to ring of Ditubass {rPois rN+ AC+4}.
 39222 | Depths:1 | 39222 ||| DROPPING +4 ring of protection.
 39223 | Depths:1 | 39223 ||| READING scroll labelled VICZOETIUCI.
 39319 | Depths:2 | 39319 ||| INVOKING Heroism.
 39343 | Depths:2 | 39343 ||| FLEEEEING.
 39344 | Depths:2 | 39344 ||| FLEEEEING.
 39345 | Depths:2 | 39345 ||| FLEEEEING.
 39346 | Depths:2 | 39346 ||| FLEEEEING.
 39347 | Depths:2 | 39347 ||| FLEEEEING.
 39348 | Depths:2 | 39348 ||| STAIRDANCE
 39440 | Depths:2 | 39440 ||| INVOKING Heroism.
 39612 | Depths:2 | 39612 ||| Stepping ~*~*~tactically~*~*~ (hiding).
 39644 | Depths:2 | 39644 ||| Stepping ~*~*~tactically~*~*~ (hiding).
 39645 | Depths:2 | 39645 ||| INVOKING Heroism.
 39646 | Depths:2 | 39646 ||| INVOKING Finesse.
 39699 | Depths:2 | Found Wostrom's Magic Scroll Shop.
 39708 | Depths:2 | 39708 ||| BUYING scroll of brand weapon (114 gold).
 39708 | Depths:2 | Bought a scroll of brand weapon for 114 gold pieces
 39708 | Depths:2 | 39708 ||| BUYING scroll of teleportation (36 gold).
 39708 | Depths:2 | Bought a scroll of teleportation for 36 gold pieces
 39708 | Depths:2 | 39708 ||| BUYING scroll of teleportation (36 gold).
 39708 | Depths:2 | Bought a scroll of teleportation for 36 gold pieces
 39708 | Depths:2 | 39708 ||| BUYING scroll of teleportation (36 gold).
 39708 | Depths:2 | Bought a scroll of teleportation for 36 gold pieces
 39716 | Depths:2 | Found Gougawk's Book Shop.
 39719 | Depths:2 | 39719 ||| Stepping ~*~*~tactically~*~*~ (hiding).
 39722 | Depths:2 | 39722 ||| INVOKING Heroism.
 39724 | Depths:2 | 39724 ||| INVOKING Finesse.
 39825 | Depths:2 | 39825 ||| INVOKING Heroism.
 39826 | Depths:2 | 39826 ||| INVOKING Finesse.
 39923 | Depths:2 | Reached XP level 22. HP: 149/149 MP: 29/29
 39925 | Depths:2 | 39925 ||| Stepping ~*~*~tactically~*~*~ (hiding).
 39929 | Depths:2 | 39929 ||| INVOKING Heroism.
 39930 | Depths:2 | 39930 ||| INVOKING Finesse.
 39952 | Depths:2 | 39952 ||| Stepping ~*~*~tactically~*~*~ (stealth).
 39953 | Depths:2 | 39953 ||| Stepping ~*~*~tactically~*~*~ (stealth).
 39956 | Depths:2 | 39956 ||| Stepping ~*~*~tactically~*~*~ (stealth).
 40273 | Depths:3 | 40273 ||| Stepping ~*~*~tactically~*~*~ (hiding).
 40274 | Depths:3 | 40274 ||| INVOKING Heroism.
 40360 | Depths:3 | 40360 ||| Stepping ~*~*~tactically~*~*~ (hiding).
 40381 | Depths:3 | Received a gift from Okawaru
 40386 | Depths:3 | 40386 ||| FLEEEEING.
 40389 | Depths:3 | 40389 ||| INVOKING Heroism.
 40444 | Depths:3 | 40444 ||| Stepping ~*~*~tactically~*~*~ (hiding).
 40446 | Depths:3 | 40446 ||| INVOKING Heroism.
 40512 | Depths:3 | 40512 ||| Stepping ~*~*~tactically~*~*~ (stealth).
 40514 | Depths:3 | 40514 ||| Stepping ~*~*~tactically~*~*~ (stealth).
 40516 | Depths:3 | 40516 ||| Stepping ~*~*~tactically~*~*~ (hiding).
 40521 | Depths:3 | 40521 ||| INVOKING Heroism.
 40523 | Depths:3 | 40523 ||| Stepping ~*~*~tactically~*~*~ (hiding).
 40572 | Depths:3 | 40572 ||| Stepping ~*~*~tactically~*~*~ (hiding).
 40574 | Depths:3 | 40574 ||| INVOKING Heroism.
 40575 | Depths:3 | 40575 ||| INVOKING Finesse.
 40584 | Depths:3 | 40584 ||| Stepping ~*~*~tactically~*~*~ (stealth).
 40664 | Depths:3 | 40664 ||| INVOKING Heroism.
 40667 | Depths:3 | 40667 ||| INVOKING Finesse.
 40720 | Depths:3 | Found a one-way gate to the infinite horrors of the Abyss.
 40734 | Depths:3 | 40734 ||| INVOKING Heroism.
 40931 | Depths:3 | 40931 ||| INVOKING Heroism.
 40932 | Depths:3 | 40932 ||| INVOKING Finesse.
 40997 | Depths:3 | 40997 ||| Stepping ~*~*~tactically~*~*~ (stealth).
 41003 | Depths:3 | 41003 ||| Stepping ~*~*~tactically~*~*~ (stealth).
 41006 | Depths:3 | 41006 ||| INVOKING Heroism.
 41008 | Depths:3 | 41008 ||| INVOKING Finesse.
 41011 | Depths:3 | Received a gift from Okawaru
 41162 | Depths:3 | Found a sacrificial altar of Ru.
 41212 | Depths:3 | Noticed a golden dragon
 41213 | Depths:3 | 41213 ||| INVOKING Heroism.
 41214 | Depths:3 | 41214 ||| INVOKING Finesse.
 41228 | Depths:3 | Killed a golden dragon
 41265 | Depths:3 | 41265 ||| INVOKING Heroism.
 41293 | Depths:3 | Received a gift from Okawaru
 41478 | Depths:3 | 41478 ||| DROPPING +0 cloak of stealth.
 41509 | Depths:4 | Entered Level 4 of the Depths
 41512 | Depths:4 | 41512 ||| Stepping ~*~*~tactically~*~*~ (stealth).
 41530 | Depths:4 | 41530 ||| Stepping ~*~*~tactically~*~*~ (hiding).
 41532 | Depths:4 | 41532 ||| Stepping ~*~*~tactically~*~*~ (hiding).
 41538 | Depths:4 | Noticed a golden dragon
 41539 | Depths:4 | 41539 ||| Stepping ~*~*~tactically~*~*~ (hiding).
 41543 | Depths:4 | 41543 ||| INVOKING Heroism.
 41544 | Depths:4 | 41544 ||| INVOKING Finesse.
 41549 | Depths:4 | Killed a golden dragon
 41587 | Depths:4 | Identified the +11 lajatang "Joss" {antimagic, Str+2 Int+3}
 41657 | Depths:4 | Received a gift from Okawaru
 41686 | Depths:4 | 41686 ||| Stepping ~*~*~tactically~*~*~ (hiding).
 41687 | Depths:4 | 41687 ||| Stepping ~*~*~tactically~*~*~ (hiding).
 41688 | Depths:4 | 41688 ||| Stepping ~*~*~tactically~*~*~ (hiding).
 41690 | Depths:4 | Noticed a golden dragon
 41691 | Depths:4 | 41691 ||| INVOKING Heroism.
 41704 | Depths:4 | Killed a golden dragon
 41741 | Depths:4 | 41741 ||| INVOKING Heroism.
 41751 | Depths:4 | HP: 19/149 [white draconian stormcaller/blast of cold (28)]
 41752 | Depths:4 | 41752 ||| READING 16 scrolls of teleportation.
 41753 | Depths:4 | 41753 ||| DRINKING 5 potions of heal wounds.
 41757 | Depths:4 | Killed from afar by an ice dragon

Levels and vault maps discovered:
D:1:      dpeg_arrival_ratfight, layout_basic, chequers_ecumenical_altar_simple
D:2:      layout_loops_ring, nicolae_wormholes, uniq_crazy_yiuf_cottage,
          uniq_terence
D:3:      layout_basic, uniq_natasha
D:4:      layout_basic, vehumet_altar_wand_db, fedhas_ov_isle_minmay,
          minmay_temple_entry_junction_2, serial_shops, shop, uniq_menkaure
D:5:      layout_basic, kennysheep_generic_room_10
D:6:      layout_basic, nicolae_qazlal_eye_of_the_storm,
          minmay_misc_feat_hallway
D:7:      layout_cave_pods, amethyst_overflow_temple_binary, serial_shops, shop,
          enter_bailey_3
D:8:      layout_rooms, st_stairs_12, roderic_roman_lattice, uniq_erica,
          uniq_pikel
D:9:      layout_small_grid, david_lair_shrubbed, erik_orc_1
D:10:     hellmonk_crumbling_castle, layout_long_grid,
          grunt_temple_overflow_cloverleaf, uniq_sonja, uniq_fannar,
          uniq_nergalle, uniq_lodul
D:11:     layout_cross
D:12:     layout_loops_ring
D:13:     layout_rooms, tso_metal_star
D:14:     layout_long_grid, erik_vaults_1, serial_bayou_pond_b
D:15:     hangedman_depths_entry_try_elsewhere_first, layout_cave_pods
Temple:   oiseaux_autumnal_temple
Lair:1:   layout_loops_ring, nicolae_lair_run_with_the_wolves
Lair:2:   layout_cellular_growth, spider_nest_entry_a, gauntlet_entry_generic
Lair:3:   layout_cave_pods, shoals_dummy_entry, uniq_kirke
Lair:4:   layout_regular_city, minmay_slime_entry_jelly_boxes,
          infiniplex_staircase_pool_2, uniq_nessos
Lair:5:   grunt_lair_end_beastmaster, layout_cellular_growth, lemuel_fruit_tree
Shoals:1: layout_shoals, serial_shops,
          nicolae_shop_temple_entry_statues_fountains
Shoals:2: layout_shoals, nicolae_shoals_goliath_grotto, uniq_roxanne
Shoals:3: layout_shoals
Shoals:4: shoals_end_simple, layout_shoals
Spider:1: layout_cave_pods, uniq_josephine, uniq_aizul
Spider:2: layout_spider_delve, uniq_louise
Spider:3: layout_spider_delve
Spider:4: grunt_spider_rune_parallel
Orc:1:    layout_caves, uniq_maurice
Orc:2:    grunt_orc_community_town_hall, layout_caves,
          grunt_orc_community_big_house_2, grunt_orc_community_big_house_2,
          grunt_orc_community_house_3, grunt_orc_community_house_3,
          grunt_orc_community_house_2, grunt_orc_community_house_3,
          grunt_orc_community_house_2, grunt_orc_community_house_1
Vaults:1: nicolae_vaults_murderbox, nicolae_vaults_diagonal_hallway_7,
          v_alt_pattern_6, vaults_room_door_ring, vaults_dpeg_hooks,
          nicolae_vaults_network_square, vaults_dpeg_cross,
          ontoclasm_vaults_gateway, ontoclasm_vaults_spin, v_misc_24, v_misc_33,
          ontoclasm_vaults_claustrophobia, v_pattern_5, layout_vaults_maze,
          uniq_zenata
Vaults:2: portal_desolation_entry_nicolae_nacl, nicolae_vaults_shelves_hall,
          minmay_crypt_entry_necro_gods, nicolae_vaults_big_ls,
          nicolae_vaults_alarming, special_room_vaults [special_room_orc],
          hangedman_vaults_cutoff, vaults_room_semicircle,
          layout_vaults_omnigrid
Vaults:3: ontoclasm_vaults_ring_small, nicolae_vaults_little_ls,
          vaults_room_grunt_arrival_checkpoint, grunt_vaults_hallway_long,
          ontoclasm_vaults_eye, st_octagons_1, vaults_standard_mumra_lines,
          grunt_vaults_funnel, v_misc_9, vaults_room_corners,
          layout_vaults_ring, serial_shops, statue_bzr
Vaults:4: v_alt_pattern_4, nicolae_vaults_quartermaster,
          nicolae_vaults_ninety_degrees, vaults_room_semicircle,
          v_alt_pattern_4, vaults_mumra_lcd, nicolae_vaults_three_branches,
          vaults_room_large_hall, vaults_mumra_minichess_inversion,
          hangedman_vaults_slice, v_misc_11, nicolae_vaults_angled_halls,
          layout_vaults_big_room, uniq_saint_roka
Depths:1: layout_cave_shapes, enter_ziggurat_d, grunt_pan_entry_zigzag,
          hangedman_decor_peaks_small, grunt_hell_entry_dis_grunt, minivault_12
Depths:2: minmay_outward_triangles, layout_twisted_cross, hell_entry,
          serial_shops, nicolae_stop_n_shop_2, rand_demon_pan_entry_7,
          minmay_misc_feat_room, amcnicky_mini_pool_small, minmay_shop_star,
          infiniplex_staircase_zigzag_4
Depths:3: nzn_winding_woodlands_three_and_one
          [nzn_winding_woodlands_5x15_river_crossing,
          nzn_winding_woodlands_5x15_zeroes,
          nzn_winding_woodlands_5x15_longhouse,
          nzn_winding_woodlands_center_lodge], layout_small_grid,
          nicolae_ru_path_of_blood, hangedman_abyss_entry_splay, hell_entry,
          minmay_staircase_windowed_large
Depths:4: evilmike_zot_entry_round, layout_gridlike, serial_curves,
          eino_curves_04, eino_curves_04, hell_entry

Skill      XL: |  1  2  3  4  5  6  7  8  9 10 11 12 13 14 15 16 17 18 19 20 21 22 |
---------------+-------------------------------------------------------------------+-----
Axes           | 2 3 4 5 6 7 9 11 12 14 15 16 17 18 | 18.0
Fighting       | 4 5 6 7 8 10 12 13 15 16 18 19 20 | 20.0
Dodging        | 1 2 3 4 5 6 8 |  8.5
Invocations    | 4 6 9 10 | 10.1
Shields        | 5 8 10 12 13 14 15 16 17 18 19 20 | 20.8
Armour         | 4 5 6 7 10 11 12 13 14 15 17 18 19 | 19.0
Throwing       | 3 5 7 8 9 10 11 | 11.0

Action                   |  1- 3 |  4- 6 |  7- 9 | 10-12 | 13-15 | 16-18 | 19-21 | 22-24 || total
-------------------------+-------+-------+-------+-------+-------+-------+-------+-------++-------
Melee: War axe           |    71 |   164 |   300 |   455 |   314 |       |       |       ||  1304
       Unarmed           |       |       |       |    21 |       |       |       |       ||    21
       Hand axe          |       |       |       |       |   318 |       |       |       ||   318
       Broad axe         |       |       |       |       |   280 |   901 |   953 |   247 ||  2381
Throw: Javelin           |       |       |       |    27 |    19 |   138 |   143 |    37 ||   364
       Boomerang         |       |       |       |     5 |    32 |    38 |    10 |       ||    85
Invok: Heroism           |       |       |    14 |    27 |    36 |    40 |    36 |    15 ||   168
       Finesse           |       |       |       |     4 |     9 |    19 |    17 |     7 ||    56
  Use: Scroll            |     3 |     2 |     7 |    14 |     7 |     8 |     2 |     1 ||    44
       Potion            |       |     4 |     1 |     1 |     1 |     3 |       |     1 ||    11
 Stab: Distracted        |       |       |       |       |     1 |       |       |       ||     1
Armor: Scale mail        |    33 |       |       |       |       |       |       |       ||    33
       Ring mail         |     8 |   111 |     8 |       |       |       |       |       ||   127
       Chain mail        |       |       |   138 |   121 |   115 |       |       |       ||   374
       Plate armour      |       |       |       |    48 |   104 |   286 |   239 |    70 ||   747
Dodge: Dodged            |    34 |    78 |    82 |    91 |   104 |   134 |    96 |    52 ||   671
Block: Buckler           |    14 |    46 |    45 |       |       |       |       |       ||   105
       Kite shield       |       |       |   165 |    41 |       |       |       |       ||   206
       Reflection        |       |       |     5 |     4 |    21 |    35 |    32 |     1 ||    98
       Tower shield      |       |       |       |   459 |   693 |   806 |   698 |   157 ||  2813

Table legend:
 A = Non-vault XP
 B = Vault XP
 C = Vault XP percentage of total XP
 D = Non-vault monster count
 E = Vault monster count
 F = Vault count percentage of total count
                 A         B        C        D         E       F
            +---------+---------+-------+---------+---------+-------
      Total |  379399 |  288684 |  43.2 |     943 |     574 |  37.8
            +---------+---------+-------+---------+---------+-------
        D:1 |      19 |       5 |  20.8 |      13 |       5 |  27.8
        D:2 |     112 |      46 |  29.1 |      21 |       3 |  12.5
        D:3 |     240 |      35 |  12.7 |      16 |       1 |   5.9
        D:4 |     654 |     167 |  20.3 |      18 |       2 |  10.0
        D:5 |     438 |      54 |  11.0 |      11 |       1 |   8.3
        D:6 |     553 |       0 |   0.0 |      19 |       0 |   0.0
        D:7 |    1517 |       8 |   0.5 |      34 |       4 |  10.5
        D:8 |    1574 |    1742 |  52.5 |      22 |       4 |  15.4
        D:9 |    4731 |     951 |  16.7 |      38 |      18 |  32.1
       D:10 |    1577 |    4015 |  71.8 |      19 |      11 |  36.7
       D:11 |    1915 |       0 |   0.0 |       7 |       0 |   0.0
       D:12 |    4694 |       0 |   0.0 |      15 |       0 |   0.0
       D:13 |    4941 |       0 |   0.0 |      10 |       0 |   0.0
       D:14 |   14849 |    4040 |  21.4 |      36 |       6 |  14.3
       D:15 |    8085 |    2294 |  22.1 |      21 |       4 |  16.0
     Lair:1 |    6864 |    1608 |  19.0 |      19 |      10 |  34.5
     Lair:2 |    6734 |     630 |   8.6 |      25 |       3 |  10.7
     Lair:3 |    3641 |    1726 |  32.2 |      14 |       3 |  17.6
     Lair:4 |   15818 |    1458 |   8.4 |      40 |      15 |  27.3
     Lair:5 |    9132 |    8417 |  48.0 |      24 |      17 |  41.5
   Shoals:1 |   10831 |       0 |   0.0 |      19 |       0 |   0.0
   Shoals:2 |    9540 |    4776 |  33.4 |      16 |       6 |  27.3
   Shoals:3 |   14812 |       0 |   0.0 |      31 |       0 |   0.0
   Shoals:4 |   11909 |   16536 |  58.1 |      24 |      26 |  52.0
   Spider:1 |   14945 |    2869 |  16.1 |      42 |       6 |  12.5
   Spider:2 |   13264 |    1185 |   8.2 |      34 |       1 |   2.9
   Spider:3 |   12249 |       0 |   0.0 |      27 |       0 |   0.0
   Spider:4 |   15180 |   19434 |  56.1 |      38 |      46 |  54.8
      Orc:1 |    4644 |     469 |   9.2 |      44 |       1 |   2.2
      Orc:2 |    2189 |    7203 |  76.7 |      18 |      77 |  81.1
   Vaults:1 |   15659 |   20630 |  56.8 |      25 |      29 |  53.7
   Vaults:2 |   15109 |   13113 |  46.5 |      21 |      38 |  64.4
   Vaults:3 |   30069 |   42736 |  58.7 |      46 |      50 |  52.1
   Vaults:4 |   16635 |   32046 |  65.8 |      22 |      40 |  64.5
   Depths:1 |   34856 |   12824 |  26.9 |      42 |      13 |  23.6
   Depths:2 |   29378 |    9498 |  24.4 |      30 |      10 |  25.0
   Depths:3 |   33574 |   19187 |  36.4 |      36 |      16 |  30.8
   Depths:4 |    6468 |   10138 |  61.1 |       6 |       8 |  57.1
 Desolation |       0 |   48844 | 100.0 |       0 |     100 | 100.0
            +---------+---------+-------+---------+---------+-------
